 Dungeon Crawl Stone Soup version 0.24-a0-19-g0b81bb8f68 (webtiles) character file.

Game seed: 3278375947046033534

14344602 Flugkiller the Archmage (level 27, 199/199 HPs)
             Began as a Deep Elf Wizard on Jan 31, 2019.
             Was the Champion of Vehumet.
             Escaped with the Orb
             ... and 15 runes on Feb 1, 2019!
             The game lasted 08:07:12 (111119 turns).

Flugkiller the Archmage (Deep Elf Wizard)         Turns: 111119, Time: 08:07:13

Health: 199/199    AC: 39    Str: 12    XL:     27
Magic:  52/56      EV: 20    Int: 57    God:    Vehumet [******]
Gold:   9609       SH: 14    Dex: 13    Spells: 0/80 levels left

rFire    + + +     SeeInvis +   J - +3 Elemental Staff {rElec rF++ rC++ MR++ AC+5}
rCold    + + .     Gourm    .   m - +1 shield "Plog" {rN++ Dex+4}
rNeg     + + .     Faith    .   u - +7 swamp dragon scales
rPois    +         Spirit   .   V - +2 helmet {Int+3}
rElec    +         Reflect  .   G - +2 cloak of the Thief {+Fog Slay-2 SInv Stlth+}
rCorr    .         Harm     .   b - +3 pair of gauntlets of War {Slay+5}
MR       ++++.                  K - +2 pair of boots {Stlth+}
Stlth    ++........             t - amulet "Zoban Siarch" {RegenMP Fragile +Fly Str+4}
HPRegen  1.43/turn              Z - ring "Oneuf" {rPois Int+7 Stlth+}
MPRegen  0.60/turn              R - ring "Sausmoenu" {rElec rF+ Int+10 Dex-4 SInv}

@: regenerating, deflect missiles
A: clever 1, screaming 1, strong 1
0: Orb of Zot
}: 15/15 runes: serpentine, barnacled, slimy, silver, golden, iron, obsidian,
icy, bone, abyssal, demonic, glowing, magical, fiery, dark
a: Renounce Religion, Evoke Fog, Evoke Flight


You escaped.
You worshipped Vehumet.
Vehumet was exalted by your worship.
You were full.

You visited 18 branches of the dungeon, and saw 90 of its levels.
You visited Pandemonium 3 times, and saw 23 of its levels.
You visited the Abyss 2 times.
You visited 1 bazaar.
You completed 1 ziggurat, and saw 27 of its levels.
You also visited: Trove, Volcano and Wizlab.

You collected 11880 gold pieces.
You spent 2271 gold pieces at shops.

Inventory:

Hand Weapons
 J - the +3 Elemental Staff (weapon) {rElec rF++ rC++ MR++ AC+5}
   (You found it on level 6 of a ziggurat)

   It affects your AC (+5).
   It greatly protects you from fire.
   It greatly protects you from cold.
   It insulates you from electricity.
   It affects your resistance to hostile enchantments.
Missiles
 v - 9 throwing nets (quivered)
Armour
 b - the +3 pair of gauntlets of War (worn) {Slay+5}
   (You found it on level 5 of the Pits of Slime)

   It affects your accuracy and damage with ranged weapons and melee attacks
   (+5).
 m - the +1 shield "Plog" (worn) {rN++ Dex+4}
   (You found it on level 10 of the Dungeon)

   It affects your dexterity (+4).
   It greatly protects you from negative energy.
 u - +7 swamp dragon scales (worn)
   (You found it on level 2 of the Snake Pit)
 C - a +5 shield of resistance
   (You took it off a vault guard on level 4 of the Vaults)
 G - the +2 cloak of the Thief (worn) {+Fog Slay-2 SInv Stlth+}
   (You found it on level 15 of a ziggurat)

   It affects your accuracy and damage with ranged weapons and melee attacks
   (-2).
   It lets you see invisible.
   It makes you more stealthy.
 K - a +2 pair of boots of stealth (worn)
   (You bought it in a shop on level 2 of the Shoals)
 V - a +2 helmet of intelligence (worn)
   (You found it on level 11 of the Dungeon)
Magical Staves
 T - an uncursed staff of energy
   (You found it on level 3 of the Crypt)
Jewellery
 r - the ring of Phasing {EV+8}
   (You found it on level 10 of a ziggurat)

   [ring of evasion]

   It affects your evasion (+8).
 t - the amulet "Zoban Siarch" (around neck) {RegenMP Fragile +Fly Str+4}
   (You found it on level 26 of a ziggurat)

   [amulet of magic regeneration]

   It increases your magic regeneration.
   It affects your strength (+4).
   It lets you fly.
   It will be destroyed if unequipped.
 H - the ring "Voodion" {Ice rPois rN++ Int+2 Dex-5}
   (You found it on level 21 of a ziggurat)

   [ring of ice]

   It enhances your ice magic.
   It affects your intelligence (+2).
   It affects your dexterity (-5).
   It makes you vulnerable to fire.
   It protects you from cold.
   It protects you from poison.
   It greatly protects you from negative energy.
 O - the ring of Ewaqoejo {+Inv rF+ Str+5}
   (You found it on level 6 of a ziggurat)

   [ring of protection from fire]

   It affects your strength (+5).
   It protects you from fire.
   It lets you turn invisible.
 Q - the amulet of Vitality {Regen+ HP+15}
   (You found it on level 7 of Tartarus)

   [amulet of regeneration]

   It affects your health (+15).
   It increases your rate of regeneration.
 R - the ring "Sausmoenu" (right hand) {rElec rF+ Int+10 Dex-4 SInv}
   (You took it off a wizard on level 3 of the Depths)

   [ring of protection from fire]

   It affects your intelligence (+10).
   It affects your dexterity (-4).
   It protects you from fire.
   It insulates you from electricity.
   It lets you see invisible.
 Y - the amulet of the Five Stars {RegenMP rC+}
   (You acquired it on level 3 of the Elven Halls)

   [amulet of magic regeneration]

   It increases your magic regeneration.
   It protects you from cold.
 Z - the ring "Oneuf" (left hand) {rPois Int+7 Stlth+}
   (You acquired it on level 12 of a ziggurat)

   [ring of stealth]

   It affects your intelligence (+7).
   It protects you from poison.
   It makes you more stealthy.
Wands
 a - a wand of clouds (13)
   (You found it on level 1 of the Snake Pit)
 o - a wand of scattershot (1)
   (You found it on level 2 of the Lair of Beasts)
 s - a wand of paralysis (61)
   (You found it on level 15 of the Dungeon)
 x - a wand of iceblast (31)
   (You found it on level 15 of the Dungeon)
 L - a wand of enslavement (20)
   (You found it on level 2 of the Abyss)
 S - a wand of digging (22)
   (You took it off Urug on level 3 of the Lair of Beasts)
 U - a wand of acid (35)
   (You found it on level 13 of the Dungeon)
Scrolls
 c - 8 scrolls of vulnerability
 e - 21 scrolls of fog
 f - a scroll of magic mapping
 h - 27 scrolls of teleportation
 i - 3 scrolls of summoning
 q - 18 scrolls of amnesia
 y - 18 scrolls of remove curse
 A - 13 scrolls of fear
 E - 7 scrolls of identify
 N - a scroll of blinking
 X - 7 scrolls of holy word
Potions
 g - 9 potions of mutation
 j - 4 potions of resistance
 k - a potion of heal wounds
 l - 10 potions of agility
 p - 4 potions of lignification
 w - 3 potions of brilliance
 z - 6 potions of ambrosia
 F - 2 potions of invisibility
 I - 24 potions of curing
 P - 4 potions of haste
Miscellaneous
 n - a crystal ball of energy
   (You found it on level 5 of the Depths)
 B - 2 sacks of spiders
 D - 3 phantom mirrors
Comestibles
 d - 72 rations


   Skills:
 O Level 27 Fighting
   Level 5.0 Short Blades
 - Level 15.9 Armour
 - Level 17.5 Dodging
 - Level 2.4 Stealth
 - Level 15.0 Shields
 O Level 27 Spellcasting
 O Level 27 Conjurations
 - Level 12.4 Charms
 - Level 2.0 Summonings
 - Level 5.0 Necromancy
 - Level 2.0 Translocations
 O Level 27 Fire Magic
 - Level 18.0 Ice Magic
 - Level 21.0 Air Magic
 - Level 20.0 Earth Magic
   Level 1.0 Poison Magic
 + Level 21.7 Evocations


You couldn't memorise any spells.
You knew the following spells:

 Your Spells              Type           Power        Failure   Level  Hunger
a - Glaciate              Conj/Ice       ########..   1%          9    None
b - Regeneration          Chrm/Necr      ########..   0%          3    None
c - Shatter               Erth           ########..   1%          9    None
d - Aura of Abjuration    Summ           #######...   1%          5    None
f - Bolt of Fire          Conj/Fire      #########.   0%          6    None
g - Orb of Destruction    Conj           #########.   0%          7    None
h - Fire Storm            Conj/Fire      #########.   1%          9    None
i - Ignition              Fire           #########.   0%          8    None
j - Passage of Golubria   Tloc           N/A          1%          4    None
k - Deflect Missiles      Chrm/Air       ########..   1%          6    None
l - Sublimation of Blood  Necr           #######...   1%          2    None
m - Tornado               Air            ########..   1%          9    None
q - Apportation           Tloc           ######       1%          1    None
r - Blink                 Tloc           N/A          1%          2    None

Your spell library contained the following spells:

 Spells                   Type           Power        Failure   Level  Hunger
 Chain Lightning          Conj/Air       #########.   1%          8    None
 Flame Tongue             Conj/Fire      #####        0%          1    None
 Freeze                   Ice            ####         0%          1    None
 Infusion                 Chrm           ####         0%          1    None
 Magic Dart               Conj           ####         0%          1    None
 Sandblast                Erth           ######       0%          1    None
 Shock                    Conj/Air       ####         0%          1    None
 Sting                    Conj/Pois      ####         0%          1    None
 Ensorcelled Hibernation  Hex/Ice        ######       0%          2    None
 Passwall                 Tmut/Erth      ########     0%          2    None
 Poisonous Vapours        Pois/Air       ######       0%          2    None
 Searing Ray              Conj           ######       0%          2    None
 Shroud of Golubria       Chrm/Tloc      ########..   0%          2    None
 Song of Slaying          Chrm           ########     0%          2    None
 Swiftness                Chrm/Air       ########     0%          2    None
 Throw Flame              Conj/Fire      ######       0%          2    None
 Throw Frost              Conj/Ice       ######       0%          2    None
 Conjure Flame            Conj/Fire      ########     0%          3    None
 Dazzling Spray           Conj/Hex       ######       0%          3    None
 Ignite Poison            Fire/Tmut/Pois ########     0%          3    None
 Inner Flame              Hex/Fire       ########     0%          3    None
 Mephitic Cloud           Conj/Pois/Air  ########     0%          3    None
 Ozocubu's Armour         Chrm/Ice       ########     0%          3    None
 Static Discharge         Conj/Air       ########     0%          3    None
 Stone Arrow              Conj/Erth      ######       0%          3    None
 Airstrike                Air            ########..   0%          4    None
 Force Lance              Conj/Tloc      ########     0%          4    None
 Fulminant Prism          Conj/Hex       ########..   0%          4    None
 Iskenderun's Mystic Bla  Conj           ########     0%          4    None
 Sticky Flame             Conj/Fire      ########     0%          4    None
 Summon Lightning Spire   Summ/Air       ########     0%          4    None
 Throw Icicle             Conj/Ice       ########     0%          4    None
 Bolt of Draining         Conj/Necr      ########..   0%          5    None
 Bolt of Magma            Conj/Fire/Erth #########.   0%          5    None
 Fireball                 Conj/Fire      #########.   0%          5    None
 Irradiate                Conj/Tmut      ########..   0%          5    None
 Iskenderun's Battlesphe  Conj/Chrm      ########     0%          5    None
 Lee's Rapid Deconstruct  Erth           ########..   0%          5    None
 Lightning Bolt           Conj/Air       #########.   0%          5    None
 Venom Bolt               Conj/Pois      ########..   0%          5    None
 Conjure Ball Lightning   Conj/Air       #########.   0%          6    None
 Iron Shot                Conj/Erth      ########..   0%          6    None
 Ozocubu's Refrigeration  Ice            ########..   0%          6    None
 Animate Skeleton         Necr           N/A          1%          1    None
 Beastly Appendage        Tmut           ######       1%          1    None
 Confusing Touch          Hex            ######       1%          1    None
 Corona                   Hex            ######.      1%          1    None
 Pain                     Necr           ####         1%          1    None
 Summon Butterflies       Summ           #######.     1%          1    None
 Summon Small Mammal      Summ           ####         1%          1    None
 Call Imp                 Summ           #######.     1%          2    None
 Corpse Rot               Necr           N/A          1%          2    None
 Slow                     Hex            ######..     1%          2    None
 Sticks to Snakes         Tmut           ######..     1%          2    None
 Call Canine Familiar     Summ           #######.     1%          3    None
 Confuse                  Hex            ######..     1%          3    None
 Gell's Gravitas          Tloc           #######...   1%          3    None
 Lesser Beckoning         Tloc           #######...   1%          3    None
 Portal Projectile        Hex/Tloc       ######       1%          3    None
 Recall                   Summ/Tloc      N/A          1%          3    None
 Spectral Weapon          Hex/Chrm       #######.     1%          3    None
 Spider Form              Tmut/Pois      ######....   1%          3    None
 Summon Guardian Golem    Hex/Summ       ######..     1%          3    None
 Teleport Other           Tloc           #######.     1%          3    None
 Tukima's Dance           Hex            ######..     1%          3    None
 Vampiric Draining        Necr           #######...   1%          3    None
 Animate Dead             Necr           N/A          1%          4    None
 Cause Fear               Hex            ######....   1%          4    None
 Ice Form                 Ice/Tmut       ########     1%          4    None
 Leda's Liquefaction      Hex/Erth       ########..   1%          4    None
 Olgreb's Toxic Radiance  Pois           ######..     1%          4    None
 Petrify                  Tmut/Erth      ########     1%          4    None
 Summon Ice Beast         Ice/Summ       ########     1%          4    None
 Agony                    Necr           #######.     1%          5    None
 Borgnjor's Vile Clutch   Necr/Erth      ########..   1%          5    None
 Dispel Undead            Necr           #######.     1%          5    None
 Excruciating Wounds      Chrm/Necr      ########..   1%          5    None
 Metabolic Englaciation   Hex/Ice        ########..   1%          5    None
 Silence                  Hex/Air        ########..   1%          5    None
 Summon Demon             Summ           #######...   1%          5    None
 Summon Forest            Summ/Tloc      #######...   1%          5    None
 Yara's Violent Unravell  Hex/Tmut       ######....   1%          5    None
 Simulacrum               Ice/Necr       ########..   1%          6    None
 Statue Form              Tmut/Erth      ########.    1%          6    None
 Ring of Flames           Chrm/Fire      ########..   1%          7    None
 Spellforged Servitor     Conj/Summ      ########..   1%          7    None
 Alistair's Intoxication  Tmut/Pois      ######..     3%          5    None
 Summon Mana Viper        Hex/Summ       ######..     3%          5    None
 Death Channel            Necr           #######...   3%          6    None
 Blade Hands              Tmut           ######....   4%          5    None
 Shadow Creatures         Summ           N/A          11%         6    None
 Darkness                 Hex            ######....   24%         6    None
 Hydra Form               Tmut           ######....   24%         6    None
 Invisibility             Hex            ######..     24%         6    None
 Malign Gateway           Summ/Tloc      #######...   52%         7    None
 Summon Hydra             Summ           #######...   52%         7    None
 Dragon Form              Tmut           ######....   80%         7    None
 Discord                  Hex            ######....   100%        8    None
 Dragon's Call            Summ           #######...   100%        9    None


Dungeon Overview and Level Annotations

Branches:
Dungeon (15/15)            Temple (1/1) D:6            Lair (6/6) D:11
 Shoals (4/4) Lair:3        Snake (4/4) Lair:2        Slime (5/5) Lair:5
    Orc (2/2) D:10            Elf (3/3) Orc:2        Vaults (5/5) D:14
  Crypt (3/3) Vaults:2       Tomb (3/3) Crypt:3      Depths (5/5) D:15
   Hell (1/1)                 Dis (7/7) Hell            Geh (7/7) Hell
    Coc (7/7) Hell            Tar (7/7) Hell            Zot (5/5) Depths:5

Altars:
Ashenzari
Cheibriados
Dithmenos
Elyvilon
Fedhas
Gozag
Hepliaklqana
Kikubaaqudgha
Makhleb
Nemelex Xobeh
Okawaru
Qazlal
Ru
Sif Muna
Trog
Uskayaw
Vehumet
Wu Jian
Xom
Yredelemnul
Zin
The Shining One
Beogh
Jiyva
Lugonu

Shops:
D:7 }   D:14 =   Orc:2 (*?!   Elf:2 *   Shoals:1 (   Shoals:2 [   Vaults:5 [
Depths:1 *[=}}   Depths:3 *   Depths:5 *

Portals:
Hell: Depths:1 Depths:2 Depths:3 Depths:4 Depths:5
Abyss: Depths:1 Depths:3 Depths:4
Pandemonium: Depths:3

Annotations:
D:12 3 runed translucent doors
Lair:3 exclusion: 2 oklob plants
Snake:1 Louise
Elf:1 6 runed translucent doors
Elf:2 3 runed translucent doors
Depths:5 3 runed translucent doors, exclusion: obsidian statue, Gaahos's ghost, veteran BaFi


Innate Abilities, Weirdness & Mutations

Your mind is acute. (Int +2)
You occasionally shout uncontrollably at your foes.
Your muscles are strong. (Str +2)


Message History

The angel is almost dead.
Unknown command.
Unknown command.
The angel is engulfed in blazing flames.
The angel hits your fire vortex with a +3 whip of holy wrath!!
The angel hits your fire vortex with a +3 whip of holy wrath!
The angel is engulfed in blazing flames. x2
You kill the angel!
Vehumet accepts your kill.
You feel your power returning.
(D) Dungeon (T) Temple (L) Lair (A) Shoals (P) Snake Pit (M) Slime Pits (O) Orcish Mines (E) Elven Halls (V) Vaults (C) Crypt (W) Tomb (U) Depths (H) Hell (I) Dis (G) Gehenna (X) Cocytus (Y) Tartarus (Z) Zot
Where to? (Enter - D:1 @ (x,y), ? - help)
You open the door.
There is an open door here.
Magic restored.
There is a stone staircase leading up here.
You climb upwards.
There is a stone staircase leading down here.
HP restored.
There is a stone staircase leading up here.
You climb upwards.
There is a stone staircase leading down here.
An Orb Guardian comes into view.
The Orb Guardian moves out of view.
Casting: Fire Storm (safe; 1% risk of failure)
Confirm with . or Enter, or press ? or * to list all spells.
Aiming: Fire Storm (safe; 1% risk of failure)
Press: ? - help, Dir - move target cursor That beam is likely to hit you.
Continue anyway?
A raging storm of fire appears!
The great blast of fire engulfs the Orb Guardian!!!
The Orb Guardian is severely wounded.
The Orb Guardian is engulfed in blazing flames.
Unknown command.
Casting: Fire Storm (safe; 1% risk of failure)
Confirm with . or Enter, or press ? or * to list all spells.
Aiming: Bolt of Fire (safe; 0% risk of failure)
Press: ? - help, Shift-Dir - straight line The bolt of fire hits the Orb Guardian!!!
You kill the Orb Guardian!
Vehumet accepts your kill.
You feel your power returning.
Unknown command.
There is a staircase leading out of the dungeon here.
Enter note: gg You have escaped!

#.###...##.#.#######.##.#......
#...)........# #.#....###.#
#######.##.### #..........#
#.##.###### ###....###.#
#.##......# ##...# #.#
#.X######## #.### #.#
##.#.....# #.# #.# #.#.....#
#.## #.# #......@# #..# #.#
#.#.....# #..# #.# #.#.....#
#..# #.# ################..#
#.# #..........# #.#
####.########.# #.# #....#
#####.####.# #.####
#........... #.# #.###.####..


There were no monsters in sight!

Vanquished Creatures
  Cerebov (Pan)
  10 pandemonium lords
  Antaeus (Coc:7)
  Asmodeus (Geh:7)
  the Royal Jelly (Slime:5)
  Ereshkigal (Tar:7)
  Gloorx Vloq (Pan)
  the Serpent of Hell (Geh:7)
  Lom Lobon (Pan)
  Mnoleg (Pan)
  7 ancient liches
  8 orbs of fire
  Dispater (Dis:7)
  Mennas (Tomb:1)
  8 juggernauts
  33 greater mummies
  10 Killer Klowns
  Boris (Tomb:1)
  13 shard shrikes
  Margery (Depths:5)
  Vashnia (Snake:4)
  2 curse toes
  Saint Roka (Orc:2)
  7 caustic shrikes
  A golden dragon (shapeshifter) (Zig:5)
  Geryon (Hell)
  12 golden dragons
  A Hellbinder (WizLab)
  Jory (Vaults:4)
  A profane servitor (Abyss:2)
  2 doom hounds
  7 bone dragons
  14 Tzitzimimeh
  4 iron giants
  2 hellephants (Zig:19)
  20 electric golems
  20 Brimstone Fiends
  Rupert (D:14)
  8 tentacled monstrosities
  21 Ice Fiends
  18 liches
  4 Hell Sentinels (Dis:7)
  19 Orb Guardians
  Asterion (Snake:3)
  15 titans
  6 quicksilver dragons
  8 deep elf blademasters
  11 deep elf master archers
  4 sphinxes
  4 tentacled starspawn
  12 acid blobs
  2 acid blobs (shapeshifter)
  17 Executioners
  12 ancient champions
  27 storm dragons
  Gastronok (D:8)
  4 death cobs
  Kirke (Snake:2)
  9 shadow dragons
  Ilsuiw (Shoals:4)
  3 tengu reavers
  A thorn hunter (Zig:14)
  Agnes (D:15)
  14 draconian monks
  9 nagarajas
  3 warmongers (Pan)
  4 revenants
  An azure jelly (shapeshifter) (Vaults:5)
  A frost giant (shapeshifter) (Zig:15)
  3 blood saints
  11 azure jellies
  A fire giant (shapeshifter) (Zig:15)
  9 fire giants
  10 deep elf sorcerers
  5 frost giants
  29 balrugs
  8 draconian knights
  5 ghost moths
  A daeva (Depths:2)
  10 orc warlords
  7 ghouls
  9 draconian shifters
  2 juggernaut zombies
  11 draconian scorchers
  16 vault wardens
  10 iron dragons
  4 deep elf elementalists (Elf:3)
  12 draconian annihilators
  3 angels
  10 cacodemons
  3 elemental wellsprings
  3 caustic shrike zombies
  19 ironheart preservers
  4 curse skulls
  9 draconian stormcallers
  A stone giant (shapeshifter) (Vaults:5)
  14 war gargoyles
  31 very ugly things
  5 caustic shrike skeletons
  55 reapers
  2 entropy weavers
  Nessos (D:12)
  11 green draconians
  A juggernaut skeleton (Zig:22)
  25 stone giants
  10 bennus
  3 vampire knights
  19 deep elf demonologists
  2 corrupters
  5 black suns (Pan)
  7 lorocyprocas
  9 red draconians
  12 white draconians
  11 yellow draconians
  2 dire elephants (Zig:19)
  Azrael (D:12)
  17 spark wasps
  5 black draconians
  3 purple draconians (Zot:2)
  8 deep elf annihilators
  An ettin (shapeshifter) (Vaults:5)
  10 deep elf death magi
  15 ettins
  35 blizzard demons
  3 crystal guardians (Crypt:3)
  An eidolon (Crypt:2)
  8 merfolk impalers
  Snorg (D:14)
  26 mummy priests
  10 merfolk javelineers
  7 fire dragons
  8 death oozes
  14 deep elf high priests
  8 jiangshi
  8 green deaths
  18 yaktaur captains
  6 quicksilver dragon zombies
  9 great orbs of eyes
  18 naga warriors
  5 monstrous demonspawn (Pan)
  32 ice dragons
  38 vault guards
  9 rakshasas
  2 kraken zombies
  21 hydras
  10 catoblepae
  10 anacondas
  3 merfolk avatars
  5 quicksilver dragon skeletons
  An anaconda (shapeshifter) (Zig:2)
  15 spriggan air magi
  4 death knights
  An alligator snapping turtle (Shoals:2)
  11 centaur warriors
  4 hell beasts
  57 two-headed ogres
  33 dancing weapons
  2 satyrs (Shoals:4)
  7 death yaks
  2 alligators (Snake:2)
  6 merfolk aquamancers
  9 deep troll shamans
  18 ogre magi
  8 vampire magi
  20 death scarabs
  8 thrashing horrors
  18 naga sharpshooters
  5 deep troll earth magi
  5 orc high priests
  17 shock serpents
  6 titan zombies
  2 spriggan berserkers
  10 tengu warriors
  35 hell hogs
  Urug (Lair:3)
  Sonja (D:10)
  35 soul eaters
  21 small abominations
  9 titan skeletons
  7 storm dragon zombies
  36 deep elf knights
  11 iron golems
  5 wretched stars
  A spatial maelstrom (Abyss:2)
  3 fire crabs
  15 sixfirhies
  44 sun demons
  11 sea snakes
  27 hell knights
  5 shadow wraiths
  6 unseen horrors
  104 skeletal warriors
  2 death drakes
  20 iron trolls
  5 storm dragon skeletons
  12 anaconda zombies
  5 gelid demonspawn (Pan)
  7 glowing orange brains
  5 spriggan druids
  25 shadow demons
  A death drake (shapeshifter) (Vaults:4)
  20 deep trolls
  2 ghost moth zombies
  5 salamander mystics
  5 golden dragon zombies
  15 wizards
  2 kraken simulacra
  5 swamp dragons
  35 deep elf archers
  A flayed ghost (Depths:5)
  4 shadow dragon zombies
  5 torturous demonspawn (Pan)
  4 orange crystal statues
  10 anaconda skeletons
  10 naga ritualists
  10 infernal demonspawn
  5 lindwurms
  41 large abominations
  10 ironbrand convokers
  9 iron dragon zombies
  21 necromancers
  5 tengu zombies
  2 harpies (shapeshifter)
  3 wolf spider zombies
  12 golden dragon skeletons
  7 shadow dragon skeletons
  12 phantasmal warriors
  20 orc knights
  8 tengu skeletons
  5 frost giant zombies
  A mana viper (shapeshifter) (Zig:1)
  2 sphinx zombies
  21 harpies
  8 mana vipers
  7 wolf spiders
  79 deep elf magi
  2 shining eyes
  14 salamanders
  An oklob plant (Zig:7)
  34 ugly things
  7 stone giant zombies
  A manticore (shapeshifter) (Zig:5)
  17 moths of wrath
  2 worldbinders
  A salamander (shapeshifter) (Vaults:2)
  6 spriggan zombies
  12 cyclopes
  24 manticores
  12 orc sorcerers
  4 fauns
  9 elephants
  Maurice (Orc:1)
  28 naga magi
  16 merfolk sirens
  An elephant (shapeshifter) (Zig:17)
  3 fire giant zombies
  A shock serpent zombie (Geh:6)
  2 black mambas (shapeshifter)
  11 guardian serpents
  45 black mambas
  A dire elephant zombie (Dis:6)
  4 water nymphs
  A frost giant skeleton (Coc:7)
  12 rust devils
  47 smoke demons
  16 vault sentinels
  2 spiny frogs (shapeshifter)
  5 fire giant skeletons
  10 stone giant skeletons
  6 molten gargoyles
  A storm dragon simulacrum (Abyss:2)
  Psyche (D:12)
  An iron dragon skeleton (Geh:7)
  2 ice statues (Depths:3)
  4 gargoyles
  6 apocalypse crabs
  13 spiny frogs
  16 orange demons
  A torpor snail (Zig:19)
  2 eyes of devastation
  A yaktaur zombie (Depths:1)
  26 hellions
  7 dire elephant skeletons
  A kobold demonologist (D:12)
  8 spectral swamp worms (Tar:7)
  A sea snake zombie (Crypt:1)
  15 komodo dragons
  7 rime drakes
  11 demonic crawlers (Pan)
  58 guardian mummies
  A komodo dragon (shapeshifter) (Depths:3)
  2 emperor scorpion zombies
  50 freezing wraiths
  18 hellwings
  An alligator snapping turtle skeleton (Crypt:1)
  A green draconian skeleton (Geh:6)
  34 tormentors
  A yaktaur (shapeshifter) (Abyss:2)
  18 efreet
  44 ice devils
  4 spriggan skeletons
  63 yaktaurs
  4 tengu conjurers
  4 ancient zymes
  39 red devils
  A queen bee (shapeshifter) (Depths:3)
  A tyrant leech (Zig:14)
  19 trolls
  10 elf skeletons
  A silent spectre (Tar:7)
  2 trolls (shapeshifter)
  2 meliai (shapeshifter)
  4 harpy zombies
  12 hydra zombies
  6 wind drakes
  4 polar bears
  78 slime creatures
  4 hornets
  4 bog bodies
  A harpy skeleton (Dis:3)
  3 hydra skeletons
  2 ettin zombies
  32 raiju
  38 merfolk
  A tengu simulacrum (Zig:24)
  A slime creature (shapeshifter) (Zig:17)
  15 blink frogs
  A frost giant simulacrum (Zig:12)
  11 snapping turtles
  A hippogriff (shapeshifter) (Abyss:2)
  3 alligator zombies
  2 fire dragon zombies
  3 stone giant simulacra
  4 ice dragon zombies
  7 dream sheep
  A dream sheep (shapeshifter) (Zig:15)
  A meliai zombie (Crypt:1)
  12 elf zombies
  5 alligator skeletons
  32 hippogriffs
  A redback (shapeshifter) (Zig:17)
  148 flying skulls
  18 shadows
  18 wyverns
  A black mamba zombie (Geh:7)
  5 ettin skeletons
  2 vampires
  27 wraiths
  3 redbacks (Vaults:2)
  29 water elementals
  26 air elementals
  A black mamba skeleton (Tar:1)
  5 ice dragon skeletons
  6 fire dragon skeletons
  8 ushabtiu
  21 ynoxinuls
  28 fire elementals
  A spriggan (shapeshifter) (Abyss:2)
  Eustachio (D:6)
  43 yaks
  4 spriggans
  A human (shapeshifter) (Vaults:3)
  27 neqoxecs
  4 hogs (Snake:2)
  10 fire bats
  10 hungry ghosts
  3 golden eyes
  A yak (shapeshifter) (Depths:4)
  5 vampire mosquitoes
  9 basilisks
  17 chaos spawn
  5 swamp worms (Snake:2)
  15 insubstantial wisps
  2 spatial vortices (Abyss:2)
  An acid dragon (Vaults:2)
  6 wargs
  75 nagas
  8 water moccasins
  6 spiny frog zombies
  An acid dragon (shapeshifter) (Depths:5)
  2 hydra simulacra
  83 hell hounds
  3 snapping turtle zombies
  A merfolk skeleton (Geh:7)
  3 sky beasts
  A swamp dragon zombie (Hell)
  5 porcupines
  2 swamp drakes (Snake:2)
  55 orc warriors
  24 starcursed masses
  7 spiny frog skeletons
  2 black bears
  3 human skeletons
  An ettin simulacrum (Hell)
  9 ice beasts
  63 ogres
  6 eyes of draining
  13 phantoms
  2 snapping turtle skeletons
  13 boggarts
  21 necrophages
  7 wolves
  30 centaurs
  14 crocodiles
  2 manticore skeletons
  A blink frog skeleton (Crypt:1)
  5 big kobolds
  An octopode zombie (Crypt:1)
  22 bullfrogs
  A gnoll sergeant (D:9)
  6 earth elementals
  3 spiny frog simulacra
  A troll zombie (D:10)
  A water moccasin skeleton (Crypt:1)
  A water moccasin zombie (D:8)
  Dowan (D:4)
  5 human simulacra
  12 killer bees
  2 troll skeletons
  50 wights
  2 electric eels
  5 howler monkeys
  5 centaur zombies
  20 crimson imps
  A bullfrog zombie (Crypt:2)
  12 hounds
  4 centaur skeletons
  6 jellies
  5 quasits
  25 orc priests
  36 orc wizards
  2 bullfrog skeletons
  6 iron imps
  6 iguanas
  A hell rat (Zig:19)
  A lightning spire (Zig:17)
  10 worker ants
  A killer bee zombie (D:8)
  A crocodile zombie (Crypt:2)
  A naga zombie (Tar:7)
  7 ogre zombies (D:10)
  A naga skeleton (Tomb:3)
  An ogre skeleton (Geh:7)
  A hound skeleton (D:10)
  59 mummies
  3 worker ant zombies
  8 gnolls
  2 howler monkey skeletons
  10 adders
  A scorpion zombie (Crypt:2)
  17 shadow imps
  34 white imps
  3 oozes
  2 ufetubi (Abyss:2)
  3 adder zombies
  A lava snake skeleton (Crypt:1)
  An adder skeleton (D:9)
  3 worms
  4 ball lightnings (Pan)
  2 dart slugs
  A leopard gecko (D:3)
  103 orcs
  2 ball pythons (D:4)
  8 giant cockroaches
  4 goblins
  4 hobgoblins
  20 jackals
  24 kobolds
  5 quokkas
  9 bats
  8 frilled lizards
  2 goblin skeletons (D:10)
  3 goblin zombies (D:10)
  2 hobgoblin skeletons (D:10)
  2 hobgoblin zombies (D:10)
  2 jackal skeletons
  A kobold zombie (Crypt:3)
  A leopard gecko skeleton (D:7)
  2 orc skeletons
  15 orc zombies (D:10)
  10 rats
  A rat skeleton (Crypt:2)
  A river rat skeleton (Crypt:1)
  29 blocks of ice
  5 briar patches (Zig:14)
  A bush (Elf:3)
  2 crawling corpses (Zig:26)
  86 fire vortices
  A fungus (Elf:3)
  A lurking horror (Abyss:2)
  11 plants
  2 starspawn tentacles
  7 tentacles
5318 creatures vanquished.

Vanquished Creatures (collateral kills)
  An ancient lich (Zig:17)
  A caustic shrike (Depths:4)
  A Tzitzimitl (Tar:6)
  2 Orb Guardians (Zot:5)
  A deep elf master archer (Zig:26)
  A sphinx (Depths:4)
  A tentacled starspawn (Zig:12)
  2 shadow dragons
  An iron dragon (Vaults:5)
  A cacodemon (Pan)
  A caustic shrike zombie (Zig:18)
  2 draconian shifters
  A very ugly thing (Vaults:4)
  A draconian annihilator (Zig:21)
  A purple draconian (Zot:4)
  A dire elephant (Zig:19)
  A deep elf death mage (Elf:3)
  A white draconian (Zot:2)
  A mummy priest (Zig:24)
  A vault guard (Vaults:3)
  A great orb of eyes (Zig:12)
  An ice dragon (Coc:7)
  A hell hog (Zig:18)
  2 storm dragon zombies
  2 large abominations
  A wizard (Vaults:1)
  2 ugly things
  An orc sorcerer (Zig:20)
  A moth of wrath (Zig:20)
  A smoke demon (Pan)
  2 guardian mummies (Zig:24)
  A polar bear (Zig:19)
  A raiju (Zig:23)
  A slime creature (Zig:7)
  Sigmund (D:4)
  A flying skull (Coc:5)
  A wraith (Zig:18)
  An air elemental (Zig:23)
  A tarantella (shapeshifter) (Zig:15)
  3 small abominations
  A neqoxec (Zig:12)
  Duvessa (D:4)
  An orc warrior (Zig:20)
  A black bear (D:3)
  A swamp drake (Zig:14)
  A sky beast (D:4)
  A necrophage (Crypt:2)
  An ogre (D:4)
  A torpor snail zombie (Crypt:2)
  A scorpion (D:4)
  2 starcursed masses
  An orc wizard (Zig:20)
  2 mummies
  An adder (D:2)
  2 worms (D:3)
  An orc (Vaults:5)
  A block of ice (Pan)
  5 crawling corpses (Zig:26)
  A starspawn tentacle (Zig:12)
75 creatures vanquished.

Vanquished Creatures (others)
  A pandemonium lord (Zig:5)
  2 eldritch tentacles
  A fire giant (shapeshifter) (Zig:5)
  A stone giant (Depths:2)
  5 yaktaur captains
  Fannar (Orc:1)
  A golden dragon skeleton (Geh:7)
  17 ball lightnings
  2 hellions (Geh:7)
  A demonic crawler (Hell)
  6 yaktaurs
  A red devil (Pan)
  2 raiju
  3 insubstantial wisps (Zig:25)
  A small abomination (Abyss:2)
  193 blocks of ice
  A briar patch (Zig:14)
  903 fire vortices
  16 fungi
  21 plants
  8 starspawn tentacles
  5 tentacles
1192 creatures vanquished.

Grand Total: 6585 creatures vanquished

Notes
Turn   | Place    | Note
-------+----------+-------------------------------------------
     0 | D:1      | Flugkiller the Deep Elf Wizard began the quest for the Orb.
     0 | D:1      | Reached XP level 1. HP: 10/10 MP: 7/7
   375 | D:1      | Reached XP level 2. HP: 15/15 MP: 5/9
   451 | D:1      | Learned a level 2 spell: Call Imp
  1453 | D:2      | Reached XP level 3. HP: 19/19 MP: 6/10
  1494 | D:2      | Learned a level 3 spell: Conjure Flame
  1498 | D:2      | Learned a level 3 spell: Mephitic Cloud
  2248 | D:2      | Reached XP level 4. HP: 24/24 MP: 4/12
  2516 | D:3      | Found an iron altar of Okawaru.
  2542 | D:3      | Reached skill level 1 in Fire Magic
  2562 | D:3      | Reached skill level 1 in Poison Magic
  2567 | D:3      | Reached skill level 1 in Air Magic
  3170 | D:3      | Noticed a black bear
  3197 | D:3      | Killed a black bear
  3197 | D:3      | Reached skill level 1 in Fighting
  3197 | D:3      | Reached XP level 5. HP: 29/29 MP: 10/13
  3605 | D:4      | Noticed an ogre
  3745 | D:4      | Noticed Dowan
  3745 | D:4      | Noticed Duvessa
  3906 | D:4      | Noticed Sigmund
  4159 | D:4      | Killed an ogre
  4166 | D:4      | Killed Sigmund
  4166 | D:4      | Reached skill level 5 in Dodging
  4166 | D:4      | Reached XP level 6. HP: 35/35 MP: 3/14
  4514 | D:4      | Reached skill level 5 in Spellcasting
  4679 | D:4      | Noticed a sky beast
  4787 | D:4      | Killed a sky beast
  4787 | D:4      | Reached XP level 7. HP: 20/40 MP: 13/19
  5250 | D:4      | Killed Dowan
  5257 | D:4      | Killed Duvessa
  5703 | D:5      | Entered Level 5 of the Dungeon
  6046 | D:5      | Reached skill level 1 in Shields
  6093 | D:5      | Reached XP level 8. HP: 45/45 MP: 2/22
  6543 | D:5      | Found a bloodstained altar of Trog.
  6754 | D:6      | Found a blossoming altar of Fedhas.
  6870 | D:6      | Noticed Eustachio
  7136 | D:6      | Killed Eustachio
  7628 | D:6      | Found a staircase to the Ecumenical Temple.
  7957 | D:6      | Reached XP level 9. HP: 52/52 MP: 14/23
  7971 | Temple   | Entered the Ecumenical Temple
  8210 | Temple   | Became a worshipper of Vehumet
  8321 | D:6      | Found a sparkling altar of Nemelex Xobeh.
  8747 | D:7      | Got a faintly glowing leather armour
  8758 | D:7      | Identified the +3 leather armour "Kaneb" {Dex+5} (You found
                  | it on level 7 of the Dungeon)
  8779 | D:7      | Found an ornate altar of the Wu Jian Council.
  8871 | D:7      | Reached skill level 5 in Fighting
  9408 | D:7      | Found Tizuitu Nuth's Gadget Shop.
  9781 | D:7      | Found an ancient bone altar of Kikubaaqudgha.
  9788 | D:7      | Found a deep blue altar of Sif Muna.
 10336 | D:7      | Learned a level 2 spell: Blink
 10358 | D:7      | Reached skill level 1 in Short Blades
 10618 | D:8      | Noticed a two-headed ogre
 11399 | D:8      | Reached * piety under Vehumet
 11399 | D:8      | Offered knowledge of Sandblast by Vehumet.
 11800 | D:7      | Reached XP level 10. HP: 53/57 MP: 16/25
 12363 | D:8      | Noticed Gastronok
 12627 | D:8      | Killed a two-headed ogre
 12627 | D:8      | Reached skill level 10 in Spellcasting
 12944 | D:9      | Reached skill level 10 in Dodging
 12984 | D:9      | Reached ** piety under Vehumet
 12984 | D:9      | Offered knowledge of Flame Tongue by Vehumet.
 12984 | D:9      | Reached skill level 5 in Short Blades
 13332 | D:9      | Found a hide-covered altar of Uskayaw.
 13362 | D:9      | Found a basalt altar of Yredelemnul.
 13976 | D:9      | Reached skill level 5 in Conjurations
 14054 | D:10     | Entered Level 10 of the Dungeon
 14111 | D:10     | Offered knowledge of Static Discharge by Vehumet.
 14175 | D:10     | Reached *** piety under Vehumet
 14344 | D:10     | Reached XP level 11. HP: 57/61 MP: 19/27
 14376 | D:10     | Found a staircase to the Orcish Mines.
 14649 | D:10     | Offered knowledge of Force Lance by Vehumet.
 14663 | D:10     | Noticed Sonja
 14858 | D:10     | Killed Sonja
 15376 | D:10     | Reached **** piety under Vehumet
 15386 | D:10     | Got a pitted shield
 15442 | D:10     | Noticed an eight-headed hydra
 15662 | D:10     | Killed an eight-headed hydra
 16136 | D:10     | Noticed a two-headed ogre
 16143 | D:10     | Noticed a centaur warrior
 16145 | D:10     | Killed a two-headed ogre
 16152 | D:10     | Killed a centaur warrior
 16152 | D:10     | Reached skill level 10 in Conjurations
 16184 | D:10     | Offered knowledge of Throw Icicle by Vehumet.
 16190 | D:10     | Learned a level 4 spell: Throw Icicle
 16616 | D:11     | Identified the +1 shield "Plog" {rN++ Dex+4} (You found it
                  | on level 10 of the Dungeon)
 16635 | D:11     | Found a staircase to the Lair.
 16991 | D:11     | Noticed a purple ugly thing
 17012 | D:11     | Killed a purple ugly thing
 17606 | D:11     | Found a staircase to the Lair.
 17851 | Lair:1   | Entered Level 1 of the Lair of Beasts
 17898 | Lair:1   | Noticed a five-headed hydra
 17902 | Lair:1   | Killed a five-headed hydra
 17997 | Lair:1   | Reached XP level 12. HP: 67/67 MP: 16/30
 18061 | Lair:1   | Noticed a seven-headed hydra
 18067 | Lair:1   | Killed a seven-headed hydra
 18315 | Lair:1   | Reached skill level 1 in Ice Magic
 18708 | Lair:2   | Noticed a catoblepas
 18713 | Lair:2   | Killed a catoblepas
 19193 | Lair:2   | Reached ***** piety under Vehumet
 19218 | Lair:2   | Offered knowledge of Venom Bolt by Vehumet.
 19725 | Lair:2   | Found a staircase to the Snake Pit.
 19858 | Lair:2   | You fall through a shaft!
 20637 | Lair:3   | Noticed a catoblepas
 20650 | Lair:3   | Killed a catoblepas
 20774 | Lair:3   | Found a staircase to the Shoals.
 21076 | Lair:3   | Got a smoking war axe
 21188 | Lair:3   | Reached XP level 13. HP: 77/77 MP: 24/31
 21353 | Lair:3   | Noticed Urug
 21356 | Lair:3   | Killed Urug
 22414 | Lair:4   | Reached skill level 10 in Fighting
 22740 | Lair:5   | Found a staircase to the Slime Pits.
 22741 | Lair:5   | Found a viscous altar of Jiyva.
 23360 | Lair:5   | Found a dark tunnel.
 23377 | Volcano  | Entered a volcano
 24518 | Lair:5   | Identified the cursed +3 war axe of Courage {speed, -Tele
                  | Str+3 SInv} (You found it on level 3 of the Lair of Beasts)
 24522 | Lair:5   | Got a polished scale mail
 24790 | Lair:6   | Entered Level 6 of the Lair of Beasts
 25878 | Lair:5   | Reached skill level 1 in Evocations
 26098 | Lair:6   | Reached XP level 14. HP: 85/85 MP: 23/33
 26494 | Lair:6   | Offered knowledge of Conjure Ball Lightning by Vehumet.
 26526 | Lair:6   | Learned a level 6 spell: Conjure Ball Lightning
 26727 | Lair:6   | Reached skill level 5 in Evocations
 28026 | Lair:6   | Identified the +1 broad axe of Terror {chop, rN++} (You
                  | found it on level 6 of the Lair of Beasts)
 28029 | Lair:6   | Identified the cursed +1 scale mail of the Evening {MP+9
                  | Int+4} (You found it on level 5 of the Lair of Beasts)
 28033 | Lair:6   | Got a dull robe
 28047 | Lair:6   | Identified the +2 robe "Dunnoker" {rN+} (You found it on
                  | level 6 of the Lair of Beasts)
 28371 | D:12     | Noticed Nessos
 28375 | D:12     | Killed Nessos
 28501 | D:12     | Noticed Azrael
 28848 | D:12     | Killed Azrael
 28848 | D:12     | Reached skill level 5 in Shields
 28869 | D:12     | Found a runed translucent door.
 29037 | D:12     | Found a runed translucent door.
 29037 | D:12     | Found a runed translucent door.
 30632 | D:12     | Noticed Psyche
 30634 | D:12     | Killed Psyche
 30656 | D:12     | Offered knowledge of Bolt of Fire by Vehumet.
 30724 | D:11     | Learned a level 6 spell: Bolt of Fire
 31516 | D:13     | Identified a scroll of acquirement
 31520 | D:13     | Got a crude golden amulet
 31597 | D:13     | You fall through a shaft for 2 floors!
 31597 | D:15     | Entered Level 15 of the Dungeon
 32371 | D:13     | Identified the amulet of Dim Light {Spirit Int+3 Dex+5}
                  | (You acquired it on level 13 of the Dungeon)
 32575 | D:13     | Reached XP level 15. HP: 94/94 MP: 9/34
 32930 | D:13     | Reached skill level 5 in Fire Magic
 33407 | D:14     | Noticed Rupert
 33417 | D:14     | Killed Rupert
 33889 | D:14     | Found a gate to the Vaults.
 33912 | D:14     | Found Joexirim's Jewellery Emporium.
 33981 | D:14     | Noticed Snorg
 33991 | D:14     | Killed Snorg
 34844 | D:15     | Offered knowledge of Bolt of Magma by Vehumet.
 35007 | D:15     | Reached skill level 10 in Fire Magic
 35037 | D:15     | Noticed Agnes
 35073 | D:15     | Killed Agnes
 36193 | D:15     | Found a staircase to the Depths.
 36648 | Orc:1    | Entered Level 1 of the Orcish Mines
 36660 | Orc:1    | Noticed Fannar
 36663 | Orc:1    | Killed Fannar
 36702 | Orc:1    | You fall through a shaft!
 36702 | Orc:2    | Entered Level 2 of the Orcish Mines
 37438 | Orc:1    | Noticed Maurice
 37441 | Orc:1    | Killed Maurice
 37854 | Orc:2    | Noticed Saint Roka
 38299 | Orc:2    | Killed Saint Roka
 38299 | Orc:2    | Reached XP level 16. HP: 68/100 MP: 7/35
 38439 | Orc:2    | Offered knowledge of Freezing Cloud by Vehumet.
 38665 | Orc:2    | Found a staircase to the Elven Halls.
 38864 | Orc:2    | Found a burning altar of Makhleb.
 40450 | Orc:2    | Found Leorid's Weapon Shop.
 40452 | Orc:2    | Found Nisyigg's Magic Scroll Shop.
 40742 | Orc:2    | Found Hucij's Distillery.
 40755 | Orc:2    | Found a roughly hewn altar of Beogh.
 40798 | Orc:2    | Found Bilis's General Store.
 40890 | Orc:2    | Bought a scroll of fog for 28 gold pieces
 40890 | Orc:2    | Bought a scroll of teleportation for 42 gold pieces
 40890 | Orc:2    | Bought a scroll of acquirement for 728 gold pieces
 41339 | D:8      | Killed Gastronok
 41619 | Snake:1  | Entered Level 1 of the Snake Pit
 41993 | Snake:1  | Noticed Louise
 42106 | Snake:1  | Offered knowledge of Spellforged Servitor by Vehumet.
 43877 | Snake:2  | Reached skill level 15 in Conjurations
 43902 | Snake:2  | Noticed Kirke
 44159 | Snake:2  | Reached skill level 15 in Fire Magic
 45439 | Snake:3  | Noticed Asterion
 45444 | Snake:3  | Noticed an Executioner
 45455 | Snake:2  | Killed Kirke
 45455 | Snake:2  | Reached XP level 17. HP: 104/104 MP: 25/37
 45716 | Snake:3  | Got a crystal great sword
 45717 | Snake:3  | Identified the +3 great sword of the Thing {antimagic,
                  | Str+4} (You found it on level 3 of the Snake Pit)
 45786 | Snake:3  | Learned a level 8 spell: Ignition
 45923 | Snake:3  | Reached skill level 15 in Spellcasting
 46147 | Snake:3  | Killed Asterion
 46759 | Snake:3  | Identified the cursed +0 dagger "Uckifru" {chaos, *Noise
                  | +Blink rElec rF+} (You found it on level 3 of the Snake
                  | Pit)
 46786 | Snake:4  | Entered Level 4 of the Snake Pit
 48238 | Snake:4  | Noticed Vashnia
 48240 | Snake:4  | Offered knowledge of Orb of Destruction by Vehumet.
 48651 | Snake:3  | Learned a level 7 spell: Orb of Destruction
 48917 | Snake:4  | Killed Vashnia
 50198 | Snake:4  | Reached XP level 18. HP: 71/110 MP: 17/40
 51488 | Snake:4  | Got a serpentine rune of Zot
 51683 | Shoals:1 | Entered Level 1 of the Shoals
 51882 | Shoals:1 | Reached ****** piety under Vehumet
 52385 | Shoals:1 | Offered knowledge of Fire Storm by Vehumet.
 52385 | Shoals:1 | Offered knowledge of Glaciate by Vehumet.
 52385 | Shoals:1 | Offered knowledge of Chain Lightning by Vehumet.
 52485 | Shoals:1 | Learned a level 9 spell: Fire Storm
 52600 | Shoals:1 | Found Ketemek's Antique Weapon Shoppe.
 52807 | Shoals:1 | Got a translucent flail
 52826 | Shoals:1 | Identified the cursed +1 flail "Orb Guardian's Doom"
                  | {crush, MR+ Dex+5} (You found it on level 1 of the Shoals)
 53770 | Shoals:2 | Found Uwyh's Antique Armour Emporium.
 53778 | Shoals:2 | Bought a faintly humming helmet for 228 gold pieces
 53778 | Shoals:2 | Identified the cursed +0 helmet of Impressiveness {rCorr
                  | Stlth+} (You bought it in a shop on level 2 of the Shoals)
 53780 | Shoals:2 | Bought a pair of embroidered boots for 180 gold pieces
 54268 | Shoals:3 | Got a brightly glowing bronze ring
 54269 | Shoals:3 | Identified the ring "Umaucw" {MP+9 Stlth+} (You found it on
                  | level 3 of the Shoals)
 55079 | Shoals:4 | Entered Level 4 of the Shoals
 55708 | Shoals:4 | Reached XP level 19. HP: 114/114 MP: 43/43
 56063 | Shoals:4 | Noticed Ilsuiw
 56069 | Shoals:4 | Killed Ilsuiw
 56363 | Shoals:4 | Found a deep blue altar of Sif Muna.
 56922 | Shoals:4 | Got a barnacled rune of Zot
 57502 | Elf:1    | Entered Level 1 of the Elven Halls
 57955 | Elf:1    | Identified the +6 rapier of Mourning {pierce, Int+2 Stlth+}
 59023 | Elf:1    | Found a runed translucent gate.
 59023 | Elf:1    | Found a runed translucent gate.
 59023 | Elf:1    | Found a runed translucent gate.
 59023 | Elf:1    | Found a runed translucent gate.
 59023 | Elf:1    | Found a runed translucent gate.
 59149 | Elf:1    | Found a runed translucent gate.
 59749 | Elf:2    | Found Raiseoq's General Store.
 59758 | Elf:2    | Bought a potion of mutation for 128 gold pieces
 60058 | Elf:2    | Found a runed translucent gate.
 60060 | Elf:2    | Found a runed translucent gate.
 60061 | Elf:2    | Found a runed translucent gate.
 60369 | Elf:3    | Entered Level 3 of the Elven Halls
 60758 | Elf:3    | Reached XP level 20. HP: 120/120 MP: 44/44
 61450 | Elf:3    | Identified the amulet of the Five Stars {RegenMP rC+} (You
                  | acquired it on level 3 of the Elven Halls)
 61981 | Elf:3    | Identified the +9 trident "Osinolis" {pierce, rElec} (You
                  | took it off a deep elf annihilator on level 3 of the Elven
                  | Halls)
 62061 | Elf:3    | Identified the +2 leather armour of the Morning Star {rPois
                  | Int+4}
 62191 | Elf:3    | Identified the cursed +1 robe "Segumiv" {MR+ rCorr Dex-5
                  | SInv}
 62191 | Elf:3    | Identified the ring of the Griffon {Fire +Blink SInv}
 62261 | Elf:3    | Identified Vehumet's Catalogue of Battle Magic
 62312 | Elf:3    | Identified the +6 longbow "Faos" {venom, *Drain rElec rF+
                  | Int+7} (You found it on level 3 of the Elven Halls)
 62328 | Elf:3    | Identified the Papyrus of the Helpful Glacier
 62719 | Vaults:1 | Entered Level 1 of the Vaults
 64151 | Slime:1  | Entered Level 1 of the Pits of Slime
 64246 | Slime:3  | Reached XP level 21. HP: 124/124 MP: 35/45
 64313 | Slime:5  | Entered Level 5 of the Pits of Slime
 64565 | Slime:5  | Noticed the Royal Jelly
 64567 | Slime:5  | Killed the Royal Jelly
 64656 | Slime:5  | Found the +3 pair of gauntlets of War {Slay+5}
 64882 | Slime:5  | Got a slimy rune of Zot
 64892 | Slime:5  | Got a warped glass ring
 64893 | Slime:5  | Identified the ring "Ustruwk" {Int+5 Stlth-} (You found it
                  | on level 5 of the Pits of Slime)
 64968 | Slime:5  | Identified the +1 ring mail "Uliaresa" {rC++ MR- rCorr
                  | Stlth-} (You found it on level 5 of the Pits of Slime)
 64994 | Slime:5  | Identified the +0 large shield "Revvit" {rPois Int-2
                  | Slay+3} (You found it on level 5 of the Pits of Slime)
 65493 | Shoals:2 | Bought a runed robe for 88 gold pieces
 66979 | Vaults:2 | Found a staircase to the Crypt.
 67082 | Vaults:2 | Reached skill level 10 in Shields
 67348 | Vaults:2 | Identified the cursed +0 leather armour of Evolution
                  | {Dex+5} (You found it on level 2 of the Vaults)
 67389 | Vaults:2 | Found a glowing golden altar of the Shining One.
 67463 | Vaults:2 | Found a portal to a secret trove of treasure.
 67485 | Vaults:2 | You paid a toll of 3 potions of resistance to enter a
                  | treasure trove
 67486 | Trove    | Entered a treasure trove
 67490 | Trove    | Found the +3 warlock's mirror {reflect}
 67493 | Trove    | Got a faintly humming cloak
 67505 | Trove    | Got a warped hat
 67507 | Trove    | Got a pair of slimy boots
 67536 | Trove    | Identified the +0 cloak of Cunn {+Fly MR++} (You found it
                  | in a treasure trove)
 67632 | Trove    | Got a distressingly furry scale mail
 67636 | Trove    | Got an ichor-stained plate armour
 67648 | Trove    | Identified the +0 pair of boots of Tulips {rCorr} (You
                  | found it in a treasure trove)
 67714 | Vaults:1 | Identified the +3 plate armour "Sitsixix" {-Tele rF+++ rN++
                  | Int-3} (You found it in a treasure trove)
 67772 | Vaults:1 | Identified the +2 scale mail of Unasor {rC+} (You found it
                  | in a treasure trove)
 67788 | Vaults:1 | Identified the +0 hat "Etysumoc" {-Tele rN+ Str+3 Dex+3}
                  | (You found it in a treasure trove)
 68701 | Vaults:3 | Reached skill level 1 in Armour
 69877 | Vaults:4 | Noticed Jory
 69880 | Vaults:4 | Killed Jory
 69880 | Vaults:4 | Reached XP level 22. HP: 120/130 MP: 23/46
 69894 | Vaults:4 | Found a flickering gateway to a bazaar.
 69914 | Bazaar   | Entered a bazaar
 69989 | Bazaar   | Found Ojahon Wufe's Food Boutique.
 69993 | Bazaar   | Found Onuilec's General Store.
 69993 | Bazaar   | Found Buakiav's Antique Weapon Boutique.
 69994 | Bazaar   | Found Watem's Antique Weapon Boutique.
 70019 | Bazaar   | Bought a potion of magic for 88 gold pieces
 70030 | Bazaar   | Bought a ration for 45 gold pieces
 70030 | Bazaar   | Bought a ration for 45 gold pieces
 70030 | Bazaar   | Bought a ration for 45 gold pieces
 70030 | Bazaar   | Bought a ration for 45 gold pieces
 70030 | Bazaar   | Bought a ration for 45 gold pieces
 70030 | Bazaar   | Bought a ration for 45 gold pieces
 70030 | Bazaar   | Bought a ration for 45 gold pieces
 70030 | Bazaar   | Bought a ration for 45 gold pieces
 70030 | Bazaar   | Bought a ration for 45 gold pieces
 70041 | Bazaar   | Bought a scroll of vulnerability for 82 gold pieces
 70041 | Bazaar   | Bought a scroll of amnesia for 38 gold pieces
 70041 | Bazaar   | Bought a +2 shield of fire resistance for 236 gold pieces
 70086 | Vaults:4 | Reached skill level 5 in Armour
 71486 | Vaults:4 | Found a hide-covered altar of Uskayaw.
 71628 | Vaults:5 | Entered Level 5 of the Vaults
 71717 | Vaults:5 | Reached skill level 10 in Armour
 72031 | Vaults:5 | Reached XP level 23. HP: 134/134 MP: 37/47
 73057 | Vaults:5 | Identified the +3 rapier "Worm" {venom, +Blink rPois rC-
                  | Str+7}
 73164 | Vaults:5 | Noticed a juggernaut
 73164 | Vaults:5 | an iron giant changed into a juggernaut
 73165 | Vaults:5 | a juggernaut changed into an acid blob
 73407 | Vaults:5 | Found Rofuicse's Antique Armour Boutique.
 73442 | Vaults:5 | Identified the +2 leather armour of Chill Winds {Dex+8}
                  | (You found it on level 5 of the Vaults)
 73455 | Vaults:5 | Got a brightly glowing platinum amulet
 73728 | Vaults:5 | Got a silver rune of Zot
 73897 | Vaults:5 | Identified the amulet "Xeommuf" {RegenMP rC- MP+9 Int+4
                  | Dex+4} (You found it on level 5 of the Vaults)
 73994 | Crypt:1  | Entered Level 1 of the Crypt
 75787 | Crypt:3  | Entered Level 3 of the Crypt
 76246 | Crypt:3  | Reached XP level 24. HP: 144/144 MP: 35/47
 76437 | Crypt:3  | Found a staircase to the Tomb.
 76957 | Crypt:3  | Found a basalt altar of Yredelemnul.
 77787 | Depths:1 | Entered Level 1 of the Depths
 77811 | Depths:1 | Found Xorpha's Demolitions Depot.
 78237 | Depths:1 | Found Corust's Armour Shoppe.
 78281 | Depths:1 | Found a one-way gate to the infinite horrors of the Abyss.
 78788 | Depths:1 | Found Weomois's Jewellery Shop.
 78788 | Depths:1 | Found Ihotow's Gadget Emporium.
 78789 | Depths:1 | Found Waeqih's Gadget Emporium.
 78877 | Depths:1 | Found a gateway to Hell.
 79367 | Depths:2 | Identified the ring "Muanis" {*Tele +Blink Str-3 Dex+4}
                  | (You found it on level 2 of the Depths)
 79797 | Depths:2 | Found a gateway to a ziggurat.
 80620 | Depths:3 | Found Woerrybb's Elemental Accessories.
 80749 | Depths:3 | Found a magical portal.
 80758 | WizLab   | Entered The Hall of the Hellbinder
 80959 | WizLab   | Reached XP level 25. HP: 152/152 MP: 36/48
 81118 | WizLab   | Identified Wenufo's Disquisition on Summoning
 81231 | WizLab   | Identified the ring "Popateas" {rF+ Dex+4 Stlth+}
 81260 | WizLab   | Found a burning altar of Makhleb.
 81282 | WizLab   | Identified the Almanac of Companions
 81289 | WizLab   | Identified the ring "Eharaguwu" {Wiz +Fly rElec rF-} (You
                  | found it in a wizard's laboratory)
 81348 | WizLab   | Got a steaming quarterstaff
 81967 | Depths:3 | Found a corrupted altar of Lugonu.
 82013 | Depths:3 | Found a one-way gate leading to the halls of Pandemonium.
 82509 | Depths:3 | Noticed an ancient lich
 82514 | Depths:3 | Killed an ancient lich
 82523 | Depths:3 | Identified the ring "Sausmoenu" {rElec rF+ Int+10 Dex-4
                  | SInv}
 82651 | Depths:3 | Reached skill level 15 in Fighting
 82674 | Depths:3 | Identified the Incunabulum of Aerial Transmutation
 82683 | Depths:3 | Identified the cursed +0 plate armour "Beuxtol" {rN+} (You
                  | found it on level 3 of the Depths)
 83275 | Depths:4 | Noticed an ancient lich
 83284 | Depths:4 | Killed an ancient lich
 84009 | Depths:5 | Entered Level 5 of the Depths
 84370 | Depths:5 | Noticed a juggernaut
 84378 | Depths:5 | Killed a juggernaut
 84378 | Depths:5 | Reached XP level 26. HP: 166/166 MP: 30/49
 84494 | Depths:5 | Found a runed translucent gate.
 84494 | Depths:5 | Found a runed translucent gate.
 84494 | Depths:5 | Found a runed translucent gate.
 84571 | Depths:5 | Found an opulent altar of Gozag.
 84573 | Depths:5 | Noticed Gaahos's ghost (veteran BaFi)
 84574 | Depths:5 | Found Doepoej's Assorted Antiques.
 84623 | Depths:5 | Noticed Margery
 84634 | Depths:5 | Killed Margery
 84938 | Depths:5 | Found a gate to the Realm of Zot.
 85435 | Depths:5 | Learned a level 4 spell: Passage of Golubria
 86636 | Zig:1    | Entered Level 1 of a ziggurat
 86684 | Zig:2    | Entered Level 2 of a ziggurat
 86729 | Zig:2    | Got a twitching gossamer ring
 86735 | Zig:2    | Identified the ring "Cunuroes" {rN+ EV+3 SInv} (You found
                  | it on level 2 of a ziggurat)
 86739 | Zig:3    | Entered Level 3 of a ziggurat
 86741 | Zig:3    | Found the +6 arbalest "Damnation" {damnation}
 86786 | Zig:4    | Entered Level 4 of a ziggurat
 86800 | Zig:4    | Found the +8 demon trident "Rift" {distort, reach+}
 86870 | Zig:4    | Got an ichor-stained hand crossbow
 86873 | Zig:4    | Identified the +4 hand crossbow of Plog {venom, rF+} (You
                  | found it on level 4 of a ziggurat)
 86878 | Zig:5    | Entered Level 5 of a ziggurat
 86881 | Zig:5    | Noticed Itilegec the pandemonium lord
 86897 | Zig:5    | Killed Itilegec the pandemonium lord
 86986 | Zig:5    | Got an ichor-stained short sword
 86988 | Zig:5    | Identified the +5 short sword of Res Nullius {elec, +Fly
                  | rElec} (You found it on level 5 of a ziggurat)
 87011 | Zig:6    | Entered Level 6 of a ziggurat
 87019 | Zig:6    | Found the +7 captain's cutlass {speed, disarm}
 87019 | Zig:6    | Found the +3 Elemental Staff {rElec rF++ rC++ MR++ AC+5}
 87048 | Zig:6    | Learned a level 6 spell: Deflect Missiles
 87053 | Zig:6    | Got a shimmering wooden ring
 87054 | Zig:6    | Identified the ring of Ewaqoejo {+Inv rF+ Str+5} (You found
                  | it on level 6 of a ziggurat)
 87060 | Zig:7    | Entered Level 7 of a ziggurat
 87094 | Zig:7    | Reached skill level 1 in Charms
 87094 | Zig:7    | Reached skill level 10 in Evocations
 87118 | Zig:7    | Got a warped jade ring
 87161 | Zig:8    | Entered Level 8 of a ziggurat
 87254 | Zig:8    | Reached skill level 5 in Charms
 87254 | Zig:8    | Reached XP level 27. HP: 173/173 MP: 49/49
 87261 | Zig:8    | Identified Suhuune's Guide on Igneous Companions
 87284 | Zig:8    | Identified the ring "Giluma" {rN++ Dex-3 SInv} (You found
                  | it on level 7 of a ziggurat)
 87288 | Zig:9    | Entered Level 9 of a ziggurat
 87436 | Zig:9    | ok
 87467 | Zig:9    | Got a twisted ring mail
 87478 | Zig:9    | Identified the +1 ring mail of Paufeenew {rCorr Int+2} (You
                  | found it on level 9 of a ziggurat)
 87493 | Zig:9    | Got a smoking short sword
 87494 | Zig:9    | Identified the +4 short sword of Equivalence {protect, MR+
                  | Int+2} (You found it on level 9 of a ziggurat)
 87500 | Zig:10   | Entered Level 10 of a ziggurat
 87511 | Zig:10   | Found the ring of Phasing {EV+8}
 87511 | Zig:10   | Reached skill level 5 in Air Magic
 87531 | Zig:10   | WOW
 87566 | Zig:11   | Entered Level 11 of a ziggurat
 87583 | Zig:11   | Noticed a greater mummy
 87587 | Zig:11   | Killed a greater mummy
 88093 | Zig:11   | Identified the Reference Book on Creation and Unholy
                  | Secrets
 88114 | Zig:12   | Entered Level 12 of a ziggurat
 88149 | Zig:12   | Reached skill level 10 in Charms
 88208 | Zig:12   | Identified the ring "Oneuf" {rPois Int+7 Stlth+} (You
                  | acquired it on level 12 of a ziggurat)
 88210 | Zig:12   | Identified the Catalogue of Orientation and Moulding
 88227 | Zig:12   | Identified the +1 ring mail of the Shrike {Str+6} (You
                  | found it on level 12 of a ziggurat)
 88269 | Zig:13   | Entered Level 13 of a ziggurat
 88280 | Zig:13   | Noticed an orb of fire
 88286 | Zig:13   | Killed an orb of fire
 88293 | Zig:13   | Noticed an orb of fire
 88294 | Zig:13   | Noticed an orb of fire
 88295 | Zig:13   | Gained mutation: Armour fits poorly on your strangely
                  | shaped body. [an orb of fire]
 88297 | Zig:13   | Killed an orb of fire
 88304 | Zig:13   | Killed an orb of fire
 88409 | Zig:13   | Identified Sif Muna's Volume of Analysis
 88423 | Zig:13   | Got a shimmering dagger
 88424 | Zig:13   | Identified the +8 dagger of Gymateask {pierce, rN+ Dex+6}
                  | (You found it on level 13 of a ziggurat)
 88451 | Zig:14   | Entered Level 14 of a ziggurat
 88494 | Zig:14   | Learned a level 2 spell: Sublimation of Blood
 88742 | Zig:14   | Found the +9 staff of Olgreb {rPois}
 88771 | Zig:14   | Identified the Almanac of the Nightingale
 88777 | Zig:14   | Got a pair of pitted gloves
 88788 | Zig:14   | Identified the +1 pair of gloves of the Stars {rF+ rC-
                  | Str+2 Stlth+} (You found it on level 14 of a ziggurat)
 88813 | Zig:14   | Got a jewelled helmet
 88819 | Zig:14   | Identified the +0 helmet of Ducainwe {rF- Int+6} (You found
                  | it on level 14 of a ziggurat)
 88836 | Zig:14   | Got a twitching pewter ring
 88838 | Zig:14   | Identified the ring of Kipymap {AC+2 Int-5 Dex+8 Slay-6
                  | SInv} (You found it on level 14 of a ziggurat)
 88860 | Zig:14   | goodbye :(
 88866 | Zig:15   | Entered Level 15 of a ziggurat
 88883 | Zig:15   | Noticed Idul the pandemonium lord
 88884 | Zig:15   | Noticed Voyver the pandemonium lord
 88888 | Zig:15   | Killed Voyver the pandemonium lord
 88888 | Zig:15   | Reached skill level 10 in Air Magic
 88899 | Zig:15   | Killed Idul the pandemonium lord
 88903 | Zig:15   | Noticed Aveadgh the pandemonium lord
 88905 | Zig:15   | Killed Aveadgh the pandemonium lord
 88928 | Zig:15   | Reached skill level 15 in Evocations
 89033 | Zig:15   | Found the +2 cloak of the Thief {+Fog Slay-2 SInv Stlth+}
 89067 | Zig:15   | Got a transparent hand crossbow
 89068 | Zig:15   | Identified the cursed +2 hand crossbow of the Dove {freeze,
                  | rPois} (You found it on level 15 of a ziggurat)
 89082 | Zig:15   | Identified the ring "Qeiklipt" {rPois rN+ MR+ Str+5} (You
                  | found it on level 15 of a ziggurat)
 89141 | Zig:16   | Entered Level 16 of a ziggurat
 89146 | Zig:16   | shit
 89192 | Zig:16   | Identified Sif Muna's Grimoire of the Snowflakes
 89204 | Zig:16   | Identified the cursed +0 broad axe of the Penguin {chaos,
                  | *Noise rC+ Str+5 Dex+7} (You found it on level 16 of a
                  | ziggurat)
 89220 | Zig:16   | Identified the ring of the Skies Above {Ice +Inv rN+ Int+2}
                  | (You found it on level 16 of a ziggurat)
 89249 | Zig:17   | Entered Level 17 of a ziggurat
 89298 | Zig:17   | Noticed an ancient lich
 89301 | Zig:17   | Killed an ancient lich
 89384 | Zig:17   | Found the +10 morningstar "Eos" {elec, Halo rElec}
 89389 | Zig:17   | Identified the Guide on Companions and Hexes
 89408 | Zig:17   | Identified the Collected Works on Cold and Bewitchment
 89459 | Zig:18   | Entered Level 18 of a ziggurat
 89487 | Zig:18   | Reached skill level 15 in Air Magic
 89850 | Zig:18   | Learned a level 9 spell: Tornado
 89886 | Zig:18   | Got a shimmering lead ring
 89889 | Zig:18   | Identified Ruoth's Volume of the Doomed Mountains
 89940 | Zig:19   | Entered Level 19 of a ziggurat
 90139 | Zig:19   | Identified Epteur's Papyrus of Quantum Weightlessness
 90161 | Zig:19   | Identified the ring "Ycobrep" {rPois EV+2 Str-5 Dex+5 SInv}
                  | (You found it on level 18 of a ziggurat)
 90170 | Zig:20   | Entered Level 20 of a ziggurat
 90231 | Zig:20   | Noticed a juggernaut
 90231 | Zig:20   | Noticed a juggernaut
 90232 | Zig:20   | Noticed a juggernaut
 90232 | Zig:20   | Noticed a juggernaut
 90232 | Zig:20   | Noticed a juggernaut
 90233 | Zig:20   | Killed a juggernaut
 90233 | Zig:20   | Killed a juggernaut
 90233 | Zig:20   | Noticed a juggernaut
 90234 | Zig:20   | Killed a juggernaut
 90234 | Zig:20   | Killed a juggernaut
 90235 | Zig:20   | Killed a juggernaut
 90238 | Zig:20   | Noticed a juggernaut
 90242 | Zig:20   | Killed a juggernaut
 90248 | Zig:20   | Killed a juggernaut
 90308 | Zig:20   | Identified the Disquisition on Flying Intoxication
 90329 | Zig:20   | Identified the amulet "Matagyhy" {+Rage rC+++ Int-5 SInv}
                  | (You found it on level 20 of a ziggurat)
 90334 | Zig:20   | Got an ichor-stained whip
 90348 | Zig:21   | Entered Level 21 of a ziggurat
 90676 | Zig:21   | Got a scorched marble ring
 90699 | Zig:21   | Identified the ring "Voodion" {Ice rPois rN++ Int+2 Dex-5}
                  | (You found it on level 21 of a ziggurat)
 90748 | Zig:21   | Got a fine spear
 90765 | Zig:22   | Entered Level 22 of a ziggurat
 90816 | Zig:22   | Reached skill level 5 in Ice Magic
 90848 | Zig:22   | Identified Sif Muna's Handbook of the Dark Arsonist
 90870 | Zig:22   | Identified the amulet of the Thirsty Spirits {Faith Slay+2}
                  | (You found it on level 22 of a ziggurat)
 90891 | Zig:22   | Learned a level 9 spell: Glaciate
 90894 | Zig:22   | Got a polished hunting sling
 90898 | Zig:22   | Got a sparkling tin ring
 90902 | Zig:22   | Identified the ring "Ziwamont" {Wiz *Drain rC+ rN+++ Str-2}
                  | (You found it on level 22 of a ziggurat)
 90912 | Zig:23   | Entered Level 23 of a ziggurat
 90949 | Zig:23   | Reached skill level 10 in Ice Magic
 91326 | Zig:23   | Identified the Tome of Dislocation
 91331 | Zig:23   | Identified Sif Muna's Catalogue of Dislocation
 91354 | Zig:24   | Entered Level 24 of a ziggurat
 91404 | Zig:24   | Noticed a greater mummy
 91405 | Zig:24   | Noticed a greater mummy
 91407 | Zig:24   | Killed a greater mummy
 91409 | Zig:24   | Killed a greater mummy
 91411 | Zig:24   | Noticed a greater mummy
 91414 | Zig:24   | Noticed a greater mummy
 91415 | Zig:24   | Killed a greater mummy
 91417 | Zig:24   | Killed a greater mummy
 91418 | Zig:24   | Noticed a greater mummy
 91423 | Zig:24   | Noticed a greater mummy
 91425 | Zig:24   | Killed a greater mummy
 91428 | Zig:24   | Noticed a greater mummy
 91429 | Zig:24   | Killed a greater mummy
 91431 | Zig:24   | Noticed a greater mummy
 91433 | Zig:24   | Killed a greater mummy
 91433 | Zig:24   | Noticed a greater mummy
 91434 | Zig:24   | Killed a greater mummy
 91435 | Zig:24   | Noticed a greater mummy
 91437 | Zig:24   | Noticed a greater mummy
 91438 | Zig:24   | Killed a greater mummy
 91439 | Zig:24   | Noticed a greater mummy
 91440 | Zig:24   | Killed a greater mummy
 91441 | Zig:24   | Killed a greater mummy
 91443 | Zig:24   | Killed a greater mummy
 92067 | Zig:24   | Identified the Volume of Damaging Transmutation
 92076 | Zig:25   | Entered Level 25 of a ziggurat
 92120 | Zig:25   | Reached skill level 15 in Ice Magic
 92527 | Zig:25   | Got a coiled wooden ring
 92529 | Zig:25   | Identified the ring "Iphy" {rElec rC- rN+ Dex+4 Slay+6}
                  | (You acquired it on level 25 of a ziggurat)
 92548 | Zig:25   | Identified the Handbook of Supportive Bewitchment
 92569 | Zig:26   | Entered Level 26 of a ziggurat
 92894 | Zig:26   | Found the +8 frozen axe "Frostbite" {freezing cloud, *Noise
                  | +Fly rC+}
 92926 | Zig:26   | Identified the Grimoire of Indemnity
 92950 | Zig:26   | Identified the amulet "Zoban Siarch" {RegenMP Fragile +Fly
                  | Str+4} (You found it on level 26 of a ziggurat)
 92953 | Zig:26   | Identified the amulet of Acvy {rC+ Regen+} (You found it on
                  | level 26 of a ziggurat)
 92963 | Zig:26   | Got a wavering silver ring
 92965 | Zig:26   | Identified the ring of Vurhajupno {rF- rN+ EV+1 Dex+2} (You
                  | found it on level 26 of a ziggurat)
 92997 | Zig:26   | Got a crude silver amulet
 93007 | Zig:27   | Entered Level 27 of a ziggurat
 93366 | Zig:27   | Got a translucent trident
 93391 | Zig:27   | Got a shimmering silver ring
 93393 | Zig:27   | Identified the ring of Qazlal's Castigation {rPois MR+
                  | Int-2 Stlth-} (You found it on level 27 of a ziggurat)
 93399 | Zig:27   | Identified the amulet "Uqetioko" {Reflect rF+ Dex+4 SH+2}
                  | (You found it on level 26 of a ziggurat)
 93407 | Zig:27   | Got heavily runed fire dragon scales
 93418 | Zig:27   | Identified the +6 fire dragon scales of Deffutzu {rF++ rC-
                  | Dex+4 Stlth+} (You found it on level 27 of a ziggurat)
 93453 | Zig:27   | Identified the cursed +3 trident of Blood-Lust {antimagic,
                  | rPois MR+ Int+4 Dex-2} (You found it on level 27 of a
                  | ziggurat)
 93527 | Depths:2 | Upgraded the game from 0.24-a0-7-g1bb0902669 to
                  | 0.24-a0-19-g0b81bb8f68
 94011 | Pan      | Entered Pandemonium
 94053 | Pan      | Found a transporter.
 94082 | Pan      | Reached skill level 15 in Shields
 94263 | Pan      | Noticed Ubisug the pandemonium lord
 94274 | Pan      | Killed Ubisug the pandemonium lord
 94617 | Pan      | Got a demonic rune of Zot
 95010 | Pan      | Noticed Eriaphy the pandemonium lord
 95013 | Pan      | Killed Eriaphy the pandemonium lord
 95058 | Depths:3 | Escaped Pandemonium
 95191 | Pan      | Entered Pandemonium
 95242 | Pan      | Learned a level 3 spell: Regeneration
 95254 | Pan      | Noticed Cublyus the pandemonium lord
 95258 | Pan      | Killed Cublyus the pandemonium lord
 95380 | Pan      | Noticed Lepuerghy the pandemonium lord
 95385 | Pan      | Reached skill level 1 in Necromancy
 95385 | Pan      | Killed Lepuerghy the pandemonium lord
 95438 | Pan      | Learned a level 1 spell: Apportation
 95561 | Pan      | Entered the realm of Gloorx Vloq.
 95737 | Pan      | Reached skill level 5 in Necromancy
 95780 | Pan      | Noticed Gloorx Vloq
 95786 | Pan      | Killed Gloorx Vloq
 95816 | Pan      | Got a dark rune of Zot
 95907 | Pan      | Entered the realm of Mnoleg.
 96091 | Pan      | Gained mutation: You tend to lose your temper in combat. [a
                  | neqoxec]
 96160 | Pan      | Noticed Mnoleg
 96168 | Pan      | Killed Mnoleg
 96175 | Pan      | Gained mutation: Your magical capacity is low. (-10% MP) [a
                  | cacodemon]
 96245 | Pan      | Got a glowing rune of Zot
 96417 | Pan      | Noticed Zeja the pandemonium lord
 96430 | Pan      | Killed Zeja the pandemonium lord
 96536 | Pan      | Lost mutation: Armour fits poorly on your strangely shaped
                  | body. [potion of mutation]
 96536 | Pan      | Lost mutation: Your magical capacity is low. (-10% MP)
                  | [potion of mutation]
 96536 | Pan      | Lost mutation: You tend to lose your temper in combat.
                  | [potion of mutation]
 96536 | Pan      | Gained mutation: You are weak. (Str -2) [potion of
                  | mutation]
 96536 | Pan      | Gained mutation: You are dopey. (Int -2) [potion of
                  | mutation]
 96536 | Pan      | Lost mutation: You are dopey. (Int -2) [potion of mutation]
 96536 | Pan      | Gained mutation: You are somewhat resistant to further
                  | mutation. [potion of mutation]
 96579 | Pan      | Entered the realm of Lom Lobon.
 96806 | Pan      | Noticed Lom Lobon
 97011 | Pan      | Killed Lom Lobon
 97062 | Pan      | Got a magical rune of Zot
 97175 | Pan      | Entered the realm of Cerebov.
 97180 | Pan      | Identified the +6 sword of Cerebov {flame}
 97180 | Pan      | Noticed Cerebov
 97207 | Pan      | Killed Cerebov
 97314 | Pan      | Got a pair of spiked boots
 97325 | Pan      | Identified the +1 pair of boots of Lilacs {rElec rPois
                  | Stlth+} (You found it in Pandemonium)
 97358 | Pan      | Identified Ilusyo Kysu's Collected Works on Changing
 97528 | Pan      | Got a fiery rune of Zot
 97554 | Pan      | Got a polished quick blade
 97555 | Pan      | Identified the +8 quick blade of Articulation {flame, MR+
                  | Dex+5} (You found it in Pandemonium)
 97754 | Pan      | Identified the cursed +1 robe of Cacrytix {rC++} (You found
                  | it in Pandemonium)
 97800 | Pan      | Found an exit through the horrors of the Abyss.
 97804 | Pan      | Took an exit into the Abyss.
 97804 | Abyss:1  | Escaped into the Abyss
 98272 | Depths:3 | Escaped the Abyss
 98274 | Pan      | Entered Pandemonium
 98420 | Pan      | Noticed Erienet the pandemonium lord
 99179 | Pan      | Found an exit through the horrors of the Abyss.
 99187 | Pan      | Took an exit into the Abyss.
 99187 | Abyss:1  | Escaped into the Abyss
 99187 | Abyss:1  | Found a corrupted altar of Lugonu.
 99187 | Abyss:1  | Found a sacrificial altar of Ru.
 99970 | Abyss:2  | Found a corrupted altar of Lugonu.
100331 | Abyss:3  | Found an opulent altar of Gozag.
100336 | Abyss:3  | Found an opulent altar of Gozag.
100382 | Abyss:3  | Got an abyssal rune of Zot
100407 | Abyss:3  | Found a corrupted altar of Lugonu.
100483 | Depths:3 | Escaped the Abyss
100494 | Depths:3 | Learned a level 9 spell: Shatter
100526 | Hell     | Entered the Vestibule of Hell
100526 | Hell     | Noticed Geryon
100532 | Hell     | Killed Geryon
100532 | Hell     | Reached skill level 1 in Earth Magic
100763 | Hell     | Found a gateway to the freezing wastes of Cocytus.
100770 | Hell     | Reached skill level 5 in Earth Magic
100900 | Hell     | Found a gateway to the ashen valley of Gehenna.
100913 | Geh:1    | Entered Level 1 of Gehenna
101013 | Geh:4    | Reached skill level 27 in Spellcasting
101223 | Geh:6    | Reached skill level 10 in Earth Magic
101332 | Geh:7    | Entered Level 7 of Gehenna
101621 | Geh:7    | Noticed the Serpent of Hell
101627 | Geh:7    | Killed the Serpent of Hell
101945 | Geh:7    | Identified the +7 sceptre of Asmodeus
101945 | Geh:7    | Noticed Asmodeus
101955 | Geh:7    | Killed Asmodeus
101955 | Geh:7    | Reached skill level 15 in Earth Magic
101995 | Geh:7    | Got an obsidian rune of Zot
103138 | Hell     | Found a gateway to the decaying netherworld of Tartarus.
103162 | Tar:1    | Entered Level 1 of Tartarus
103750 | Tar:7    | Entered Level 7 of Tartarus
104236 | Tar:7    | Noticed Ereshkigal
104260 | Tar:7    | Killed Ereshkigal
104520 | Tar:7    | Found the amulet of Vitality {Regen+ HP+15}
104520 | Tar:7    | Got an encrusted ring mail
104528 | Tar:7    | Got a bone rune of Zot
104531 | Tar:7    | Got a pair of steaming gloves
104532 | Tar:7    | Identified the +1 pair of gloves of Inaction {rElec} (You
                  | found it on level 7 of Tartarus)
104847 | Coc:1    | Entered Level 1 of Cocytus
105142 | Coc:1    | Reached skill level 15 in Dodging
105554 | Coc:5    | Reached skill level 15 in Armour
105756 | Coc:7    | Entered Level 7 of Cocytus
105992 | Coc:7    | Noticed Antaeus
106057 | Coc:7    | Killed Antaeus
106075 | Coc:7    | Got an icy rune of Zot
106130 | Hell     | Found a gateway to the Iron City of Dis.
106139 | Dis:1    | Entered Level 1 of the Iron City of Dis
106801 | Dis:7    | Entered Level 7 of the Iron City of Dis
106871 | Dis:7    | Identified the +4 staff of Dispater
106871 | Dis:7    | Noticed Dispater
106884 | Dis:7    | Killed Dispater
106898 | Dis:7    | Reached skill level 27 in Fire Magic
106911 | Dis:7    | Got an iron rune of Zot
106956 | Hell     | Learned a level 5 spell: Aura of Abjuration
107297 | Tomb:1   | Entered Level 1 of the Tomb of the Ancients
107297 | Tomb:1   | Noticed Boris
107302 | Tomb:1   | Noticed Mennas
107304 | Tomb:1   | Killed Mennas
107305 | Tomb:1   | Killed Boris
107358 | Tomb:1   | Noticed a greater mummy
107361 | Tomb:1   | Killed a greater mummy
107361 | Tomb:1   | Noticed a greater mummy
107373 | Tomb:1   | Killed a greater mummy
107379 | Tomb:1   | Noticed a greater mummy
107380 | Tomb:1   | Noticed a greater mummy
107383 | Tomb:1   | Killed a greater mummy
107384 | Tomb:1   | Killed a greater mummy
107541 | Tomb:2   | Lost mutation: You are weak. (Str -2) [potion of mutation]
107541 | Tomb:2   | Lost mutation: You are somewhat resistant to further
                  | mutation. [potion of mutation]
107541 | Tomb:2   | Gained mutation: You occasionally shout uncontrollably at
                  | your foes. [potion of mutation]
107541 | Tomb:2   | Gained mutation: You are somewhat resistant to further
                  | mutation. [potion of mutation]
107542 | Tomb:2   | Lost mutation: You occasionally shout uncontrollably at
                  | your foes. [potion of mutation]
107542 | Tomb:2   | Lost mutation: You are somewhat resistant to further
                  | mutation. [potion of mutation]
107542 | Tomb:2   | Gained mutation: You are robust. (+10% HP) [potion of
                  | mutation]
107542 | Tomb:2   | Gained mutation: You have a pair of small horns on your
                  | head. [potion of mutation]
107543 | Tomb:2   | Lost mutation: You have a pair of small horns on your head.
                  | [potion of mutation]
107543 | Tomb:2   | Lost mutation: You are robust. (+10% HP) [potion of
                  | mutation]
107543 | Tomb:2   | Gained mutation: Your magical capacity is low. (-10% MP)
                  | [potion of mutation]
107543 | Tomb:2   | Gained mutation: You have large cloven feet. [potion of
                  | mutation]
107544 | Tomb:2   | Lost mutation: You have large cloven feet. [potion of
                  | mutation]
107544 | Tomb:2   | Lost mutation: Your magical capacity is low. (-10% MP)
                  | [potion of mutation]
107544 | Tomb:2   | Gained mutation: Your flesh is cold resistant. (rC+)
                  | [potion of mutation]
107544 | Tomb:2   | Gained mutation: Your spells are a little easier to cast,
                  | but a little less powerful. [potion of mutation]
107544 | Tomb:2   | Gained mutation: You are weak. (Str -2) [potion of
                  | mutation]
107544 | Tomb:2   | Gained mutation: You have a pair of small horns on your
                  | head. [potion of mutation]
107545 | Tomb:2   | Lost mutation: You have a pair of small horns on your head.
                  | [potion of mutation]
107545 | Tomb:2   | Lost mutation: You are weak. (Str -2) [potion of mutation]
107545 | Tomb:2   | Gained mutation: Your system is resistant to poisons.
                  | (rPois) [potion of mutation]
107545 | Tomb:2   | Gained mutation: You have a pair of small antennae on your
                  | head. [potion of mutation]
107546 | Tomb:2   | Lost mutation: Your spells are a little easier to cast, but
                  | a little less powerful. [potion of mutation]
107546 | Tomb:2   | Lost mutation: You have a pair of small antennae on your
                  | head. [potion of mutation]
107546 | Tomb:2   | Lost mutation: Your flesh is cold resistant. (rC+) [potion
                  | of mutation]
107546 | Tomb:2   | Lost mutation: Your system is resistant to poisons. (rPois)
                  | [potion of mutation]
107546 | Tomb:2   | Gained mutation: Your mind is acute. (Int +2) [potion of
                  | mutation]
107546 | Tomb:2   | Gained mutation: Your muscles are strong. (Str +2) [potion
                  | of mutation]
107556 | Tomb:3   | Entered Level 3 of the Tomb of the Ancients
107571 | Tomb:3   | Reached skill level 27 in Conjurations
107592 | Tomb:3   | Noticed a greater mummy
107594 | Tomb:3   | Noticed a greater mummy
107595 | Tomb:3   | Noticed a greater mummy
107597 | Tomb:3   | Noticed a greater mummy
107597 | Tomb:3   | Noticed a greater mummy
107597 | Tomb:3   | Noticed a greater mummy
107598 | Tomb:3   | Killed a greater mummy
107598 | Tomb:3   | Killed a greater mummy
107598 | Tomb:3   | Noticed a greater mummy
107599 | Tomb:3   | Noticed a greater mummy
107599 | Tomb:3   | Killed a greater mummy
107600 | Tomb:3   | Killed a greater mummy
107600 | Tomb:3   | Killed a greater mummy
107600 | Tomb:3   | Noticed a greater mummy
107602 | Tomb:3   | Killed a greater mummy
107604 | Tomb:3   | Killed a greater mummy
107608 | Tomb:3   | Killed a greater mummy
107610 | Tomb:3   | Killed a greater mummy
107747 | Tomb:3   | Identified the ring of Nenn {rCorr Int+4} (You found it on
                  | level 3 of the Tomb of the Ancients)
107760 | Tomb:3   | Got a golden rune of Zot
107821 | Tomb:1   | Noticed a greater mummy
107823 | Tomb:1   | Noticed a greater mummy
107823 | Tomb:1   | Noticed a greater mummy
107823 | Tomb:1   | Noticed a greater mummy
107823 | Tomb:1   | Noticed a greater mummy
107823 | Tomb:1   | Noticed a greater mummy
107825 | Tomb:1   | Killed a greater mummy
107825 | Tomb:1   | Killed a greater mummy
107825 | Tomb:1   | Killed a greater mummy
107826 | Tomb:1   | Noticed a greater mummy
107826 | Tomb:1   | Killed a greater mummy
107826 | Tomb:1   | Killed a greater mummy
107827 | Tomb:1   | Noticed a greater mummy
107830 | Tomb:1   | Killed a greater mummy
107831 | Tomb:1   | Killed a greater mummy
108498 | Zot:1    | Entered Level 1 of the Realm of Zot
108754 | Zot:2    | You fall through a shaft for 2 floors!
108932 | Zot:2    | Found a basalt altar of Yredelemnul.
108981 | Zot:2    | Identified Tevor's Compendium of the Zealot
109058 | Zot:2    | Identified the Incunabulum of Fire and Brimstone
109351 | Zot:2    | Noticed an orb of fire
109356 | Zot:2    | Killed an orb of fire
109529 | Zot:5    | Entered Level 5 of the Realm of Zot
109682 | Zot:5    | Got a crystal flail
110029 | Zot:5    | Noticed an orb of fire
110113 | Zot:5    | Gained mutation: You occasionally shout uncontrollably at
                  | your foes. [an orb of fire]
110114 | Zot:5    | Killed an orb of fire
110145 | Zot:5    | Noticed an orb of fire
110149 | Zot:5    | Killed an orb of fire
110192 | Zot:5    | Noticed an orb of fire
110195 | Zot:5    | Killed an orb of fire
110221 | Zot:5    | Noticed an ancient lich
110227 | Zot:5    | Killed an ancient lich
110349 | Zot:5    | Noticed an ancient lich
110359 | Zot:5    | Killed an ancient lich
110401 | Zot:5    | Noticed an ancient lich
110403 | Zot:5    | Killed an ancient lich
110406 | Zot:5    | Noticed an orb of fire
110407 | Zot:5    | Noticed an ancient lich
110408 | Zot:5    | Killed an orb of fire
110410 | Zot:5    | Killed an ancient lich
110434 | Zot:5    | Noticed an ancient lich
110439 | Zot:5    | Killed an ancient lich
110439 | Zot:5    | Reached skill level 27 in Fighting
110476 | Zot:5    | Got the Orb of Zot
110481 | Zot:5    | Noticed an ancient lich
110590 | Zot:1    | Noticed Golan the pandemonium lord
110595 | Zot:1    | Killed Golan the pandemonium lord
110767 | Depths:1 | Noticed Ofuem the pandemonium lord
110769 | Depths:1 | Killed Ofuem the pandemonium lord
111118 | D:1      | gg
111119 | D:$      | Escaped with the Orb!

Vault maps used:
D:1:      minmay_arrival_checkered_box, chequers_serial_rivers_small_b,
          minmay_pentomino_v4
D:3:      okawaru_gym_becter
D:4:      first_ration, uniq_duvessa, uniq_sigmund
D:5:      lemuel_doored_altar
D:6:      kennysheep_mini_moat, minmay_temple_entry_overgrown, basic_altar,
          chequers_serial_rivers_micro_a, minmay_microvault, uniq_eustachio
D:7:      kennysheep_mini, amethyst_overflow_temple_binary, serial_shops,
          nicolae_shop_behind_doors
D:8:      serial_undead, serial_undead_b, serial_undead_d, serial_undead_a,
          serial_undead_e, serial_undead_a, serial_undead_a, serial_undead_a,
          uniq_gastronok
D:9:      eat_drink_and_be_merry_uskayaw, yredelemnul_altar_generic
D:10:     minmay_cornered_nines, zombieorc2_lemuel, uniq_sonja
D:11:     lair_entry_dummy
D:12:     minmay_the_grid_four_pointed_star_mashed, uniq_azrael, uniq_psyche,
          uniq_nessos
D:13:     grunt_ogre_cave
D:14:     erik_vaults_1, serial_shops, shop, abandoned_shop, uniq_rupert,
          uniq_snorg
D:15:     grunt_enter_depths_magical_seal, corexii_leaking_fountain, uniq_agnes
Temple:   dpeg_chambers_temple
Lair:1:   minmay_holes, infiniplex_staircase_pool, serial_bayou_shore_b
Lair:2:   minmay_snake_entry_guardpost_large, minivault_24
Lair:3:   minmay_shoals_entry_beasts, minmay_lair_oklob_chamber,
          grunt_megastairs_3, lemuel_fruit_tree, uniq_urug
Lair:4:   columned_hall_lemuel, chequers_serial_rivers_room_a,
          cheibrodos_lair_reptile_den
Lair:5:   slime_altar_1, nicolae_volcano_entry_batcave, beast_lair_carwin_4
Lair:6:   evilmike_catoblepas_cave, serial_rivers, chequers_serial_rivers_marsh,
          chequers_serial_rivers_small_b, chequers_serial_rivers_marsh,
          chequers_serial_rivers_large_b, minmay_lindwurm_lava
Shoals:1: serial_shops, nicolae_shop_temple_entry_statues_fountains
Shoals:2: serial_shops, nicolae_shop_overgrown_old_shop, nicolae_shoals_so_close
Shoals:3: centaur_isle
Shoals:4: shoals_end_grunt_ice, shoals_ilsuiw_alternative, ldierk_geyser,
          lemuel_centaur_altar
Snake:1:  uniq_louise
Snake:2:  onia_ninara_swampy_vault, statue_in_the_mist_lemuel, uniq_kirke
Snake:3:  uniq_asterion
Snake:4:  johnstein_snake_rune_scales
Slime:4:  cheibrodos_slime_lost_civilization_10
Orc:1:    abandoned_shop, uniq_fannar, uniq_maurice
Orc:2:    st_orc_open, basic_altar, bloody_makhleb, uniq_saint_roka
Elf:1:    minmay_elf_arrival_summoners, orc_legates,
          einodemon_armed_red_devil_minivault
Elf:2:    serial_shops, nicolae_shop_statue_plus, minivault_16
Elf:3:    minmay_elf_hall_four_x, minmay_misc_feat_five, kilobyte_rumbling_trees
Vaults:1: v_rooms_4, vaults_room_grunt_arrival_checkpoint, vaults_room_octagon,
          vaults_room_grunt_arrival_ludios, v_misc_15, grunt_vaults_diagonal,
          ontoclasm_vaults_gateway, ontoclasm_vaults_tryst, v_pattern_4,
          v_misc_32, v_misc_11, vaults_room_semicircle,
          ontoclasm_vaults_claustrophobia, vaults_room_semicircle
Vaults:2: nicolae_vaults_twisting_passages, v_alt_pattern_2, v_misc_13,
          minmay_crypt_entry_simple_corners, hangedman_vaults_stitches,
          v_misc_8, vaults_standard_mumra_enter_the_diamond, v_misc_19,
          basic_altar, enter_trove_1
Vaults:3: ontoclasm_vaults_decontamination, ontoclasm_vaults_shuriken,
          grunt_vaults_focal, v_alt_pattern_1, hangedman_vaults_trim, st_squares
Vaults:4: vaults_room_boxed, special_room_vaults, nicolae_vaults_shelves_hall,
          hangedman_vaults_trim, ontoclasm_vaults_chip, v_misc_14, v_misc_16,
          ontoclasm_vaults_twist, nicolae_vaults_yaktaur_gun_rack,
          vaults_room_door_hall, basic_altar, serial_shops, freezing_bzr,
          uniq_jory
Crypt:2:  minmay_misc_feat_cross
Crypt:3:  cryptofortress_bobbens
Tomb:1:   uniq_boris, uniq_mennas
Depths:1: abyss_entry, serial_shops, shop, lightli_too_deep,
          serial_bayou_pond_b, minmay_misc_feat_columns, nicolae_blasting_shop,
          st_stairs_11, hangedman_abyss_or_decor_passed, solitary_fountain,
          grunt_ministairs_1, kennysheep_underground_church, minmay_shop_grove
Depths:2: mu_elemental_laboratory, enter_ziggurat_d, grunt_hell_entry_dis_mu,
          glass_columns_b
Depths:3: cheibrodos_cascadia, rand_demon_pan_entry_5, abyss_entry_flame_altar,
          mu_enter_wizlab_6, hell_entry, minmay_misc_feat_x,
          nicolae_water_bricks, nicolae_elemental_shop, st_stairs_2
Depths:4: minmay_outward_triangles, hell_entry, serial_sigils_hangedman_shear,
          abyss_entry_crystal, st_stairs_9, infiniplex_staircase_pillars_2
Depths:5: grunt_zot_entry_bicorn, hangedman_coc_ice_floe,
          chequers_serial_rivers_micro_e, ebering_ghost_gozag,
          kennysheep_random_hallway, serial_bayou_shore_b, uniq_margery
Dis:1:    hangedman_player_shredder
Dis:2:    door_vault
Dis:5:    hangedman_dis_chains
Dis:7:    iron_city_of_dis
Geh:1:    minmay_firetagon
Geh:2:    lemuel_elevator
Geh:4:    grunt_megastairs_2
Geh:7:    geh_grunt
Coc:3:    serial_ice
Coc:7:    coc_dpeg
Tar:1:    nicolae_tar_cuneiform_bread, grunt_megastairs_5
Tar:2:    nicolae_tar_cuneiform_three, lemuel_nasty_fountain
Tar:4:    nicolae_tar_cuneiform_oil
Tar:7:    tar_minmay_river
Zot:2:    nicolae_zot_draconian_monastery, st_small_dragon_hoard_2,
          hangedman_zot_spectrum
Zot:3:    grunt_megastairs_1
Zot:5:    st_stairs_8
Abyss:1:  gammafunk_corrupted_shrine
Abyss:2:  hangedman_classic_abyss_death
Abyss:3:  doesnt_abyss_rune_brain_food
Pan:      rand_demon_5, nicolae_pan_cerebovesque_2, gammafunk_dig_for_victory,
          nicolae_pan_strange_glyphs, nicolae_pan_sigil_eeng,
          lemuel_hall_of_pain, nicolae_pan_door_chamber, rand_demon_4,
          pan_blood_fountain_small, evilmike_mini_pan_doors,
          nicolae_pan_cerebovesque_2, rand_demon_6, pan_blood_fountain_small,
          grunt_pan_zigzag, pan_blood_fountain, nicolae_pan_mnolegish_1,
          rand_demon_4, gloorx_vloq, pan_blood_fountain_small, mnoleg_st,
          rand_demon_6, pan_captured_pigsty, lom_lobon,
          pan_blood_fountain_small, cerebov_grunt, evilmike_mini_pan_layers,
          nicolae_pan_sick_transit, nicolae_pan_mnolegish_4,
          nicolae_pan_hourglass, evilmike_mini_pan_pillars_b,
          pan_blood_fountain_small, nicolae_pan_strange_glyphs,
          nicolae_pan_mnolegish_1, rand_demon_6, reaverb_pan_squares,
          grunt_pan_sceptre, rand_demon_3, evilmike_mini_pan_corridor,
          evilmike_mini_pan_branches, nicolae_pan_double_arrow,
          pan_blood_fountain, nicolae_pan_gloorx_vloqian_4
Zig:7:    ziggurat_pillar_centre_oklobs
Zig:14:   ziggurat_pillar_centre_dead_trees
Zig:16:   ziggurat_pillar_centre_dispersal
Zig:20:   ziggurat_pillar_centre_more_plants
Zig:23:   ziggurat_pillar_centre_drop
Bazaar:   bazaar_minmay_cross
Trove:    trove_armour_2
Volcano:  volcano_pools
WizLab:   wizlab_demon

Skill      XL: |  1  2  3  4  5  6  7  8  9 10 11 12 13 14 15 16 17 18 19 20 21 22 23 24 25 26 27 |
---------------+----------------------------------------------------------------------------------+-----
Dodging        | 3 4 5 6 9 11 12 13 14 17 | 17.5
Conjurations   | 2 3 6 11 12 14 15 16 18 19 21 22 23 27 | 27.0
Summonings     | 2 |  2.0
Fire Magic     | 1 4 13 15 16 18 19 21 22 23 27 | 27.0
Poison Magic   | 1 |  1.0
Air Magic      | 1 4 21 | 21.0
Fighting       | 1 2 4 6 9 10 11 12 14 17 18 27 | 27.0
Spellcasting   | 6 8 9 10 12 13 14 16 18 19 20 27 | 27.0
Shields        | 1 4 8 11 12 15 | 15.0
Short Blades   | 3 5 |  5.0
Translocations | 2 |  2.0
Ice Magic      | 4 18 | 18.0
Evocations     | 2 5 10 21 | 21.7
Armour         | 3 11 14 15 | 15.9
Charms         | 5 12 | 12.4
Necromancy     | 5 |  5.0
Earth Magic    | 20 | 20.0
Stealth        | |  2.4

Action                   |  1- 3 |  4- 6 |  7- 9 | 10-12 | 13-15 | 16-18 | 19-21 | 22-24 | 25-27 || total
-------------------------+-------+-------+-------+-------+-------+-------+-------+-------+-------++-------
Melee: Dagger            |       |    38 |   149 |   365 |    13 |       |       |       |       ||   565
       Short sword       |       |       |       |    27 |     9 |       |       |       |       ||    36
       Staff             |       |       |       |     5 |    61 |    13 |     2 |       |   911 ||   992
       Quick blade       |       |       |       |       |   178 |    36 |       |       |       ||   214
 Fire: Blowgun           |       |       |       |     5 |       |       |       |       |       ||     5
Throw: Throwing net      |       |       |       |       |     1 |     3 |     1 |       |       ||     5
 Cast: Magic Dart        |   112 |   117 |   477 |   365 |    10 |     9 |       |       |       ||  1090
       Call Imp          |     4 |    18 |     4 |     5 |       |       |       |       |       ||    31
       Mephitic Cloud    |       |     4 |    21 |    28 |     9 |       |       |       |       ||    62
       Conjure Flame     |       |     1 |    23 |    27 |     7 |       |       |       |       ||    58
       Blink             |       |       |       |    10 |     3 |       |       |     3 |     3 ||    19
       Throw Icicle      |       |       |       |   185 |   611 |   112 |       |     3 |       ||   911
       Conjure Ball Ligh |       |       |       |       |     5 |     3 |       |       |       ||     8
       Bolt of Fire      |       |       |       |       |    87 |   616 |   297 |   286 |   422 ||  1708
       Ignition          |       |       |       |       |       |    32 |    82 |    85 |   397 ||   596
       Orb of Destructio |       |       |       |       |       |    16 |    44 |   154 |   415 ||   629
       Fire Storm        |       |       |       |       |       |       |    74 |    65 |   329 ||   468
       Passage of Golubr |       |       |       |       |       |       |       |       |    26 ||    26
       Glaciate          |       |       |       |       |       |       |       |       |   272 ||   272
       Regeneration      |       |       |       |       |       |       |       |       |   198 ||   198
       Sublimation of Bl |       |       |       |       |       |       |       |       |    94 ||    94
       Apportation       |       |       |       |       |       |       |       |       |    66 ||    66
       Shatter           |       |       |       |       |       |       |       |       |    45 ||    45
       Tornado           |       |       |       |       |       |       |       |       |    33 ||    33
       Deflect Missiles  |       |       |       |       |       |       |       |       |    11 ||    11
       Aura of Abjuratio |       |       |       |       |       |       |       |       |     1 ||     1
 Abil: Evoke Flight      |       |       |       |       |     1 |       |       |     1 |     5 ||     7
       Evoke Fog         |       |       |       |       |       |       |       |       |    22 ||    22
Evoke: Wand              |       |       |       |       |    13 |    13 |       |     1 |    39 ||    66
       Crystal ball of e |       |       |       |       |       |       |       |       |    60 ||    60
       Sack of spiders   |       |       |       |       |       |       |       |       |     2 ||     2
  Use: Scroll            |       |     7 |     5 |    10 |    14 |    14 |    15 |    15 |    68 ||   148
       Potion            |       |       |       |       |     1 |     4 |     1 |     1 |    59 ||    66
 Stab: Confused          |       |       |     4 |    10 |     3 |       |       |       |       ||    17
       Sleeping          |       |       |     1 |     2 |       |       |       |       |     3 ||     6
  Eat: Chunk             |     4 |     4 |    18 |    26 |    44 |    43 |    67 |    27 |    24 ||   257
       Ration            |       |     1 |     1 |     1 |     5 |    13 |     6 |     8 |    31 ||    66
Armor: Robe              |     5 |     5 |     8 |       |       |       |     8 |     5 |       ||    31
       Leather armour    |       |       |    41 |    93 |    49 |    35 |       |       |       ||   218
       Swamp dragon scal |       |       |       |       |       |       |       |    36 |   793 ||   829
       Skin              |       |       |       |       |       |       |       |       |    63 ||    63
Dodge: Dodged            |    22 |    41 |   169 |   332 |   358 |   275 |    82 |    94 |   976 ||  2349
       Deflected         |       |       |       |       |       |       |       |     9 |    99 ||   108
Block: Buckler           |       |       |    47 |    95 |    47 |   112 |    35 |    71 |    18 ||   425
       Shield            |       |       |       |       |   123 |       |       |       |  1309 ||  1432
       Reflection        |       |       |       |       |       |       |     5 |    33 |    17 ||    55

Table legend:
 A = Non-vault XP
 B = Vault XP
 C = Vault XP percentage of total XP
 D = Non-vault monster count
 E = Vault monster count
 F = Vault count percentage of total count
                 A         B        C        D         E       F
            +---------+---------+-------+---------+---------+-------
      Total | 2513359 | 1625773 |  39.3 |    3739 |    1467 |  28.2
            +---------+---------+-------+---------+---------+-------
        D:1 |      36 |       4 |  10.0 |      20 |       3 |  13.0
        D:2 |      60 |       0 |   0.0 |      25 |       0 |   0.0
        D:3 |     188 |       0 |   0.0 |      31 |       0 |   0.0
        D:4 |     587 |     267 |  31.3 |      23 |       3 |  11.5
        D:5 |     686 |       0 |   0.0 |      13 |       0 |   0.0
        D:6 |     948 |     224 |  19.1 |      23 |       2 |   8.0
        D:7 |    1815 |     346 |  16.0 |      36 |       4 |  10.0
        D:8 |    1779 |    2757 |  60.8 |      31 |      10 |  24.4
        D:9 |    2681 |     189 |   6.6 |      42 |       1 |   2.3
       D:10 |    2749 |    3089 |  52.9 |      18 |      39 |  68.4
       D:11 |    4299 |       0 |   0.0 |      29 |       0 |   0.0
       D:12 |    5981 |    9853 |  62.2 |      41 |      21 |  33.9
       D:13 |    5526 |     921 |  14.3 |      39 |       1 |   2.5
       D:14 |    9491 |   10624 |  52.8 |      29 |      29 |  50.0
       D:15 |   14701 |    9422 |  39.1 |      35 |      13 |  27.1
     Lair:1 |    5726 |       0 |   0.0 |      21 |       0 |   0.0
     Lair:2 |    6259 |    1120 |  15.2 |      19 |       7 |  26.9
     Lair:3 |    4493 |    1732 |  27.8 |      16 |       4 |  20.0
     Lair:4 |    4224 |    1204 |  22.2 |      12 |       3 |  20.0
     Lair:5 |    6708 |    2316 |  25.7 |      20 |      10 |  33.3
     Lair:6 |    9059 |   12982 |  58.9 |      26 |      24 |  48.0
   Shoals:1 |   23564 |       0 |   0.0 |      47 |       0 |   0.0
   Shoals:2 |   12026 |     186 |   1.5 |      26 |       1 |   3.7
   Shoals:3 |   11279 |    1900 |  14.4 |      25 |       6 |  19.4
   Shoals:4 |   16378 |   29022 |  63.9 |      38 |      47 |  55.3
    Snake:1 |   10774 |       0 |   0.0 |      23 |       0 |   0.0
    Snake:2 |   16363 |    8123 |  33.2 |      33 |      17 |  34.0
    Snake:3 |   14595 |    2748 |  15.8 |      29 |       1 |   3.3
    Snake:4 |   31872 |   47757 |  60.0 |      64 |      68 |  51.5
    Slime:1 |    4698 |       0 |   0.0 |      11 |       0 |   0.0
    Slime:3 |    7445 |       0 |   0.0 |      10 |       0 |   0.0
    Slime:4 |     524 |       0 |   0.0 |       1 |       0 |   0.0
    Slime:5 |    2491 |   27884 |  91.8 |       9 |      13 |  59.1
      Orc:1 |    4393 |    2502 |  36.3 |      31 |       4 |  11.4
      Orc:2 |    4237 |   20588 |  82.9 |      50 |      47 |  48.5
      Elf:1 |   22427 |   17511 |  43.8 |      36 |      34 |  48.6
      Elf:2 |   12293 |    3318 |  21.3 |      19 |       4 |  17.4
      Elf:3 |   16632 |   54428 |  76.6 |      26 |      41 |  61.2
   Vaults:1 |   32801 |   23390 |  41.6 |      71 |      35 |  33.0
   Vaults:2 |   24868 |   18254 |  42.3 |      39 |      23 |  37.1
   Vaults:3 |   13121 |   11110 |  45.9 |      30 |      15 |  33.3
   Vaults:4 |   44426 |   36114 |  44.8 |      60 |      60 |  50.0
   Vaults:5 |   28444 |  104348 |  78.6 |      33 |      79 |  70.5
    Crypt:1 |   23511 |       0 |   0.0 |      43 |       0 |   0.0
    Crypt:2 |   27461 |       0 |   0.0 |      39 |       0 |   0.0
    Crypt:3 |       0 |   57747 | 100.0 |       0 |      90 | 100.0
     Tomb:1 |    4139 |   87624 |  95.5 |      14 |      25 |  64.1
     Tomb:2 |    1875 |   10525 |  84.9 |       5 |      12 |  70.6
     Tomb:3 |   13322 |   93562 |  87.5 |      24 |      59 |  71.1
   Depths:1 |   13978 |   16730 |  54.5 |      37 |      23 |  38.3
   Depths:2 |   52172 |    4760 |   8.4 |      56 |       7 |  11.1
   Depths:3 |   63549 |   34695 |  35.3 |      81 |      29 |  26.4
   Depths:4 |   32824 |   28410 |  46.4 |      22 |       9 |  29.0
   Depths:5 |   32934 |   50980 |  60.8 |      36 |      28 |  43.8
       Hell |   19224 |   18922 |  49.6 |      33 |      33 |  50.0
      Dis:1 |    2701 |   15383 |  85.1 |       9 |      14 |  60.9
      Dis:2 |    5946 |       0 |   0.0 |       6 |       0 |   0.0
      Dis:3 |    3586 |       0 |   0.0 |      13 |       0 |   0.0
      Dis:4 |    9220 |       0 |   0.0 |      25 |       0 |   0.0
      Dis:6 |   27835 |       0 |   0.0 |      26 |       0 |   0.0
      Dis:7 |    8141 |   60376 |  88.1 |      18 |      34 |  65.4
      Geh:1 |    3136 |       0 |   0.0 |       6 |       0 |   0.0
      Geh:2 |    4599 |       0 |   0.0 |      17 |       0 |   0.0
      Geh:4 |   13126 |     737 |   5.3 |      30 |       2 |   6.2
      Geh:5 |    8563 |       0 |   0.0 |      10 |       0 |   0.0
      Geh:6 |   30607 |       0 |   0.0 |      67 |       0 |   0.0
      Geh:7 |   47520 |   63265 |  57.1 |      93 |      34 |  26.8
      Coc:1 |    8815 |       0 |   0.0 |      32 |       0 |   0.0
      Coc:2 |    7131 |       0 |   0.0 |      14 |       0 |   0.0
      Coc:3 |     202 |       0 |   0.0 |       2 |       0 |   0.0
      Coc:4 |    8557 |       0 |   0.0 |      24 |       0 |   0.0
      Coc:5 |   53018 |       0 |   0.0 |      44 |       0 |   0.0
      Coc:6 |    4170 |       0 |   0.0 |       4 |       0 |   0.0
      Coc:7 |   35992 |   61127 |  62.9 |      71 |      27 |  27.6
      Tar:1 |   23481 |       0 |   0.0 |      38 |       0 |   0.0
      Tar:3 |   28869 |       0 |   0.0 |      43 |       0 |   0.0
      Tar:4 |    5374 |       0 |   0.0 |      18 |       0 |   0.0
      Tar:5 |    7267 |       0 |   0.0 |      16 |       0 |   0.0
      Tar:6 |   15514 |       0 |   0.0 |      18 |       0 |   0.0
      Tar:7 |   42841 |   62365 |  59.3 |      66 |      43 |  39.4
      Zot:1 |   27942 |       0 |   0.0 |      15 |       0 |   0.0
      Zot:2 |   74966 |   30353 |  28.8 |      38 |      20 |  34.5
      Zot:3 |    4003 |       0 |   0.0 |       2 |       0 |   0.0
      Zot:4 |   18448 |       0 |   0.0 |      11 |       0 |   0.0
      Zot:5 |   31922 |  153442 |  82.8 |      18 |      35 |  66.0
    Abyss:1 |    5660 |       0 |   0.0 |       9 |       0 |   0.0
    Abyss:2 |   64174 |   16637 |  20.6 |     134 |      24 |  15.2
    Abyss:3 |    4796 |    8497 |  63.9 |      12 |      12 |  50.0
        Pan |  160399 |  252597 |  61.2 |     203 |     186 |  47.8
      Zig:1 |    1121 |       0 |   0.0 |       2 |       0 |   0.0
      Zig:2 |    1802 |       0 |   0.0 |       3 |       0 |   0.0
      Zig:3 |    2918 |       0 |   0.0 |       6 |       0 |   0.0
      Zig:4 |    3990 |       0 |   0.0 |       8 |       0 |   0.0
      Zig:5 |   11416 |       0 |   0.0 |       6 |       0 |   0.0
      Zig:6 |   12063 |       0 |   0.0 |       8 |       0 |   0.0
      Zig:7 |    8204 |     565 |   6.4 |      10 |       1 |   9.1
      Zig:8 |    9285 |       0 |   0.0 |      13 |       0 |   0.0
      Zig:9 |   15588 |       0 |   0.0 |      12 |       0 |   0.0
     Zig:10 |   15825 |       0 |   0.0 |      17 |       0 |   0.0
     Zig:11 |   21429 |       0 |   0.0 |      30 |       0 |   0.0
     Zig:12 |   24817 |       0 |   0.0 |      25 |       0 |   0.0
     Zig:13 |   40197 |       0 |   0.0 |      24 |       0 |   0.0
     Zig:14 |   25928 |       0 |   0.0 |      32 |       0 |   0.0
     Zig:15 |   74222 |       0 |   0.0 |      22 |       0 |   0.0
     Zig:16 |   23649 |       0 |   0.0 |      29 |       0 |   0.0
     Zig:17 |   38503 |      34 |   0.1 |      39 |       1 |   2.5
     Zig:18 |   34480 |       0 |   0.0 |      36 |       0 |   0.0
     Zig:19 |   36761 |       0 |   0.0 |      57 |       0 |   0.0
     Zig:20 |   80006 |       0 |   0.0 |      57 |       0 |   0.0
     Zig:21 |   58673 |       0 |   0.0 |      40 |       0 |   0.0
     Zig:22 |   44293 |       0 |   0.0 |      63 |       0 |   0.0
     Zig:23 |   74317 |    3166 |   4.1 |      61 |       6 |   9.0
     Zig:24 |   99916 |     658 |   0.7 |      97 |       1 |   1.0
     Zig:25 |   73726 |       0 |   0.0 |      70 |       0 |   0.0
     Zig:26 |   88205 |       0 |   0.0 |      85 |       0 |   0.0
     Zig:27 |   64868 |       0 |   0.0 |      85 |       0 |   0.0
    Volcano |       0 |    3393 | 100.0 |       0 |      12 | 100.0
     WizLab |       0 |   22990 | 100.0 |       0 |      31 | 100.0
            +---------+---------+-------+---------+---------+-------
